 Dungeon Crawl Stone Soup version 0.31-a0-818-ge7c7cf74f0 (webtiles) character file.

Game seed: 6130829113162673002

1819964 EnegeticOcto the Hill Orc Barricade (level 26, 239/239 HPs)
             Began as a Hill Orc Chaos Knight on Sept 22, 2023.
             Was a Favourite Plaything of Xom.
             Escaped with the Orb
             ... and 3 runes on Sept 23, 2023!
             The game lasted 01:40:13 (55912 turns).

EnegeticOcto the Hill Orc Barricade (HOCK)         Turns: 55912, Time: 01:40:14

Health: 239/239    AC: 48    Str: 33    XL:     26   Next: 41%
Magic:  23/23      EV: 16    Int: 15    God:    Xom [.*....]
Gold:   1758       SH: 20    Dex: 12    Spells: 25/25 levels left

rFire   + + .        a - +9 broad axe (spect)
rCold   + + +        S - +1 kite shield {AC+3}
rNeg    . . .        O - +9 storm dragon scales
rPois   +            l - +2 hat {SInv}
rElec   +            q - +3 cloak of the Journeyman {Drain Dex+4 Slay+5}
rCorr   .            D - +2 pair of gloves
SInv    +            G - +3 pair of mountain boots {steadfast, rC+}
Will    ++++.        c - amulet of the Hecatoncheires {rF+ rC+++ Will+ Regen+ Slay-3} Stlth
                     C - ring of the Octopus King {rF+ HP+2 AC+2 EV+2 SH+2}
HPRegen 1.39/turn    P - ring of the Centipede {rPois Str+3 Dex+2}
MPRegen 0.18/turn

%: no passive effects
@: studying Transmutations
A: iridescent scales 2, clever 1, clumsy 1, deformed body, frail 1,
strong-willed 2, strong 1
0: Orb of Zot
}: 3/15 runes: serpentine, barnacled, silver
a: Renounce Religion


You escaped.
You worshipped Xom.
You were a plaything of Xom.
You visited 9 branches of the dungeon, and saw 47 of its levels.
You also visited: Gauntlet.

You collected 7131 gold pieces.
You spent 5373 gold pieces at shops.

Inventory:

Hand Weapons
 a - a +9 spectral broad axe (weapon)
   (You took it off a minotaur in a Gauntlet)
 b - the +3 broad axe "Ykaent" {heavy, rElec Will+ Int+2 Dex-2}
   (You acquired it on level 1 of the Lair of Beasts)

   Int+2:     It affects your intelligence (+2).
   Dex-2:     It affects your dexterity (-2).
   rElec:     It insulates you from electricity.
   Will+:     It increases your willpower.
Missiles
 p - 11 curare-tipped darts
 y - 12 throwing nets (quivered) {!f}
Armour
 l - a +2 hat of see invisible (worn)
   (You took it off Gastronok on level 2 of the Lair of Beasts)
 q - the +3 cloak of the Journeyman (worn) {Drain Dex+4 Slay+5}
   (You found it on level 2 of the Vaults)

   Dex+4:     It affects your dexterity (+4).
   Slay+5:    It affects your accuracy & damage with ranged weapons and melee
   (+5).
   Drain:     It drains your maximum health when unequipped.
 D - a +2 pair of gloves (worn)
   (You found it on level 4 of the Dungeon)
 G - the +3 pair of mountain boots (worn) {steadfast, rC+}
   (You found it on level 3 of the Vaults)

   Steadfast: It prevents involuntary movement, except for blinking,
   teleportation, or banishment.
   rC+:       It protects you from cold.
 O - +9 storm dragon scales (worn)
   (You found it on level 1 of the Realm of Zot)
 S - a +1 kite shield of protection (worn)
   (You took it off a naga warrior on level 4 of the Snake Pit)
Jewellery
 c - the amulet of the Hecatoncheires (around neck) {rF+ rC+++ Will+ Regen+ Slay-3}
   (You found it in a Gauntlet)

   [amulet of regeneration]

   Slay-3:    It affects your accuracy & damage with ranged weapons and melee
   (-3).
   rF+:       It protects you from fire.
   rC+++:     It renders you almost immune to cold.
   Will+:     It increases your willpower.
   Regen+:    It increases your rate of health regeneration.
 h - the ring of Vokujer {rC- Will++ rCorr AC+4 Stlth+}
   (You took it off a deep elf annihilator on level 3 of the Elven Halls)

   [ring of protection]

   AC+4:      It affects your AC (+4).
   rC-:       It makes you vulnerable to cold.
   Will++:    It greatly increases your willpower.
   rCorr:     It protects you from acid and corrosion.
   Stlth+:    It makes you more stealthy.
 j - a +4 ring of slaying
   (You found it on level 8 of the Dungeon)
 C - a ring of the Octopus King (left hand) {rF+ HP+2 AC+2 EV+2 SH+2}
   (You bought it in a shop on level 2 of the Orcish Mines)

   [ring of protection from fire]

   AC+2:      It affects your AC (+2).
   EV+2:      It affects your evasion (+2).
   rF+:       It protects you from fire.
   HP+2:      It affects your health (+2).
   SH+2:      It affects your SH (+2).
 P - the ring of the Centipede (right hand) {rPois Str+3 Dex+2}
   (You took it off a minotaur in a Gauntlet)

   [ring of poison resistance]

   Str+3:     It affects your strength (+3).
   Dex+2:     It affects your dexterity (+2).
   rPois:     It protects you from poison
Wands
 g - a wand of polymorph (7)
   (You found it on level 2 of the Dungeon)
 I - a wand of digging (9) {@v3}
   (You found it in a Gauntlet)
 J - a wand of quicksilver (22) {@v1}
   (Xom gifted it to you on level 11 of the Dungeon)
 M - a wand of mindburst (35)
   (You found it on level 6 of the Dungeon)
 U - a wand of iceblast (33) {@v2}
   (You found it on level 11 of the Dungeon)
 W - a wand of paralysis (62)
   (You found it on level 11 of the Dungeon)
Scrolls
 n - 9 scrolls of vulnerability
 r - 7 scrolls of poison
 s - 8 scrolls of fog {!r}
 t - 2 scrolls of blinking {@r4}
 v - 9 scrolls of fear {!r}
 z - 6 scrolls of immolation
 L - 8 scrolls of enchant weapon
 N - 14 scrolls of teleportation {@r3 !r}
 R - 2 scrolls of revelation {@r5 !r}
 T - 2 scrolls of butterflies
 V - 2 scrolls of brand weapon
Potions
 d - 10 potions of heal wounds {@q2 !q}
 f - 9 potions of might {@q3 !q}
 i - 4 potions of invisibility
 k - 15 potions of curing {@q1 !q}
 m - 8 potions of enlightenment
 o - 4 potions of mutation
 u - 7 potions of haste {@q4 !q}
 w - 4 potions of lignification {@q6}
 x - a potion of berserk rage
 A - 4 potions of resistance
 F - 6 potions of attraction
 K - 5 potions of cancellation
 X - 4 potions of ambrosia
 Y - 2 potions of magic
Miscellaneous
 B - a box of beasts
   (You bought it in a shop on level 3 of the Snake Pit)
 E - a phial of floods
   (You found it on level 4 of the Snake Pit)
 H - a phantom mirror
   (You found it on level 4 of the Shoals)
 Q - a condenser vane
   (You found it on level 4 of the Shoals)
 Z - a lightning rod (4/4)
   (You found it on level 1 of the Lair of Beasts)


   Skills:
 + Level 26.6 Fighting
 + Level 21.8 Axes
 + Level 21.3 Armour
 + Level 11.8 Dodging
 - Level 2.0 Stealth
 O Level 27 Shields
 - Level 3.6 Unarmed Combat
 - Level 15.0 Evocations


You had 25 spell levels left.
You didn't know any spells.
Your spell library contained the following spells:

 Spells                   Type           Power      Damage    Failure   Level
 Apportation              Tloc           0%         N/A       52%         1
 Sandblast                Erth           0%         2d4       52%         1
 Shock                    Conj/Air       0%         1d3       52%         1
 Sting                    Tmut/Pois      0%         1d3       52%         1
 Cigotuvi's Dreadful Rot  Necr/Pois/Air  0%         N/A       67%         2
 Ensorcelled Hibernation  Hex/Ice        0%         N/A       67%         2
 Jinxbite                 Hex            0%         N/A       67%         2
 Passwall                 Tmut/Erth      0%         N/A       67%         2
 Poisonous Vapours        Pois/Air       0%         N/A       67%         2
 Scorch                   Fire           0%         2d5       67%         2
 Static Discharge         Conj/Air       0%         2-2/arc   67%         2
 Sublimation of Blood     Necr           0%         N/A       67%         2
 Wereblood                Tmut           0%         N/A       67%         2
 Call Canine Familiar     Summ           0%         N/A       88%         3
 Dazzling Flash           Conj/Hex       0%         N/A       88%         3
 Frozen Ramparts          Ice            0%         1d1       88%         3
 Gell's Gravitas          Tloc           0%         N/A       88%         3
 Hailstorm                Conj/Ice       0%         3d3       88%         3
 Ignite Poison            Fire/Tmut/Pois 0%         N/A       88%         3
 Ozocubu's Armour         Ice            0%         N/A       88%         3
 Sigil of Binding         Hex            0%         N/A       88%         3
 Stone Arrow              Conj/Erth      0%         3d7       88%         3
 Summon Guardian Golem    Hex/Summ       0%         N/A       88%         3
 Swiftness                Air            0%         N/A       88%         3
 Teleport Other           Tloc           0%         N/A       88%         3
 Volatile Blastmotes      Fire/Tloc      0%         2d10      88%         3
 Airstrike                Air            0%         2d(0-16)  99%         4
 Anguish                  Hex/Necr       0%         N/A       99%         4
 Animate Armour           Summ/Erth      0%         N/A       99%         4
 Brom's Barrelling Bould  Conj/Erth      0%         2d3       99%         4
 Cause Fear               Hex            0%         N/A       99%         4
 Dimensional Bullseye     Hex/Tloc       0%         N/A       99%         4
 Flame Wave               Conj/Fire      0%         2d4       99%         4
 Leda's Liquefaction      Hex/Erth       0%         N/A       99%         4
 Olgreb's Toxic Radiance  Pois           0%         N/A       99%         4
 Passage of Golubria      Tloc           0%         N/A       99%         4
 Petrify                  Tmut/Erth      0%         N/A       99%         4
 Summon Ice Beast         Ice/Summ       0%         N/A       99%         4
 Summon Lightning Spire   Summ/Air       0%         N/A       99%         4
 Vhi's Electric Charge    Tloc/Air       0%         N/A       99%         4
 Alistair's Intoxication  Tmut/Pois      0%         N/A       100%        5
 Arcjolt                  Conj/Air       0%         1d10      100%        5
 Fireball                 Conj/Fire      0%         3d3       100%        5
 Freezing Cloud           Conj/Ice/Air   0%         6-21      100%        5
 Irradiate                Conj/Tmut      0%         3d11      100%        5
 Metabolic Englaciation   Hex/Ice        0%         N/A       100%        5
 Silence                  Hex/Air        0%         N/A       100%        5
 Dispersal                Tloc           0%         N/A       100%        6
 Plasma Beam              Fire/Air       0%         2x1d10    100%        6
 Simulacrum               Ice/Necr       0%         N/A       100%        6
 Starburst                Conj/Fire      0%         6d3       100%        6
 Summon Cactus Giant      Summ           0%         N/A       100%        6
 Enfeeble                 Hex            0%         N/A       100%        7
 Orb of Destruction       Conj           0%         9d5       100%        7
 Spellforged Servitor     Conj/Summ      0%         N/A       100%        7
 Summon Hydra             Summ           0%         N/A       100%        7
 Discord                  Hex            0%         N/A       100%        8
 Disjunction              Tloc           0%         N/A       100%        8
 Ignition                 Fire           0%         3d3       100%        8
 Lehudib's Crystal Spear  Conj/Erth      0%         10d2      100%        8
 Maxwell's Capacitive Co  Air            0%         ∞         100%        8
 Dragon's Call            Summ           0%         N/A       100%        9
 Fire Storm               Conj/Fire      0%         5d1       100%        9
 Shatter                  Erth           0%         3d5*      100%        9


Dungeon Overview and Level Annotations

Branches:
Dungeon (15/15)            Temple (0/1) D:6            Lair (5/5) D:10
 Shoals (4/4) Lair:3        Snake (4/4) Lair:2        Slime (0/5) Lair:4
    Orc (2/2) D:11            Elf (3/3) Orc:2        Vaults (5/5) D:14
  Crypt (0/3) Vaults:3     Depths (4/4) D:15            Zot (5/5) Depths:4
Gauntlet (visited)

Altars:
Elyvilon
Gozag
Kikubaaqudgha
Makhleb
Qazlal
Sif Muna
Trog
Uskayaw
Vehumet
Wu Jian
Xom
Yredelemnul
The Shining One
Lugonu

Shops:
D:10 =   Orc:2 ![*?*   Elf:2 [   Elf:3 (   Shoals:1 (   Snake:3 *=([
Vaults:1 (   Vaults:3 ([   Vaults:5 ?![*   Depths:1 !

Portals:
Hell: Depths:1 Depths:2 Depths:3 Depths:4
Abyss: Lair:5 Depths:1 Depths:3
Pandemonium: Depths:1 Depths:2
Trove: Depths:1 (give 9 potions of haste)

Annotations:
D:10 4 transporters
Lair:1 1 runed translucent door, exclusion: door, Beaer's ghost, journeyman OpFi
Lair:2 exclusion: ice statue
Snake:1 2 transporters, zdzicho121's ghost, journeyman TrFi
Orc:1 2 transporters, Enim's ghost, journeyman DjFE
Depths:2 3 runed translucent doors, exclusions: floating eye and 1 more exclusion
Depths:4 3 runed translucent doors


Innate Abilities, Weirdness & Mutations

You are mostly covered in iridescent scales. (AC +4)
Your mind is acute. (Int +4, Str/Dex -1)
You are clumsy. (Dex -2)
Armour fits poorly on your strangely shaped body.
You are frail. (-10% HP)
You are highly strong-willed. (Will++)
Your muscles are strong. (Str +4, Int/Dex -1)


Message History

Strange energies course through your body.
You feel clumsy.
You slice the neqoxec!!
The neqoxec is severely wounded.
Your +9 spectral broad axe hits the neqoxec!
You kill the neqoxec!
No target in view!
(D) Dungeon (T) Temple (L) Lair (A) Shoals (P) Snake Pit (M) Slime Pits (O) Orcish Mines (E) Elven Halls (V) Vaults (C) Crypt (U) Depths (H) Hell (Z) Zot
Where to? (Tab/Enter - D:1 @ (x,y), ? - help)
Your +9 spectral broad axe disappears.
There is a stone staircase leading up here.
You climb upwards.
There is a stone staircase leading down here.
You see here a +0 giant club.
There is a stone staircase leading up here.
You climb upwards.
There is a stone staircase leading down here. 6 golden eyes come into view.
You slash the golden eye!
The golden eye is almost dead.
You slash the golden eye!
You kill the golden eye!
Your +9 spectral broad axe hits the golden eye!
You kill the golden eye!
Your +9 spectral broad axe disappears.
The golden eye blinks!
You cut the golden eye into ribbons!!!
You kill the golden eye!
You slash the golden eye!
Your +9 spectral broad axe misses the golden eye.
Your +9 spectral broad axe hits the golden eye!
The golden eye blinks!
The golden eye blinks at you. You resist with almost no effort.
The golden eye blinks at your +9 spectral broad axe.
Your +9 spectral broad axe is unaffected.
You slice the golden eye!!
You kill the golden eye!
Your +9 spectral broad axe disappears.
The golden eye turns its gaze towards you.
The golden eye blinks at you. You resist with almost no effort.
You barely miss the golden eye.
The golden eye is severely wounded.
Your +9 spectral broad axe hits the golden eye!!
You kill the golden eye!
The golden eye blinks!
Your +9 spectral broad axe disappears.
You closely miss the golden eye.
Your +9 spectral broad axe hits the golden eye!!
You kill the golden eye!
No target in view!
(D) Dungeon (T) Temple (L) Lair (A) Shoals (P) Snake Pit (M) Slime Pits (O) Orcish Mines (E) Elven Halls (V) Vaults (C) Crypt (U) Depths (H) Hell (Z) Zot
Where to? (Tab/Enter - D:1 @ (x,y), ? - help)
Your +9 spectral broad axe disappears.
There is a stone staircase leading up here.
You climb upwards.
There is a stone staircase leading down here.
There is a stone staircase leading up here.
You climb upwards.
There is a stone staircase leading down here.
A reaper comes into view. It is wielding a +2 scythe of flaming.
The reaper moves out of view.
Aiming: Dig
Press: ? - help, Shift-Dir - straight line A rock wall.
This square is covered in magical glow.
The rock shatters into small pieces.
A demonspawn warmonger comes into view.
It is wielding a +1 demon blade of flaming.
Xom titters.
You are confused.
The demonspawn warmonger looks rather confused.
The reaper looks rather confused.
You bump into the rock wall.
You're too confused to move!
Really quaff
k - 16 potions of curing {@q1 !q}?
You feel better.
The reaper seems less confused.
(D) Dungeon (T) Temple (L) Lair (A) Shoals (P) Snake Pit (M) Slime Pits (O) Orcish Mines (E) Elven Halls (V) Vaults (C) Crypt (U) Depths (H) Hell (Z) Zot
Where to? (Tab/Enter - D:1 @ (x,y), ? - help)
A reaper is nearby!
There is a stone staircase leading up here.
You climb upwards.
There is a stone staircase leading down here.
(D) Dungeon (T) Temple (L) Lair (A) Shoals (P) Snake Pit (M) Slime Pits (O) Orcish Mines (E) Elven Halls (V) Vaults (C) Crypt (U) Depths (H) Hell (Z) Zot
Where to? (Tab/Enter - D:1 @ (x,y), ? - help)
There is a staircase leading out of the dungeon here.
You have escaped!

########.#....###########....####
.........>..............)........
##.............##....####........
##.#####.##....###...# #........
##.#####.##.8.8# #8.8# #........
.......#.##.#.#####.## #....####
............#.#.#.#.# ######
....##.#.####.......# ###.##.#.#
#...@...# #.##.#.# #.......#
#.##.#.# #.#.#.#.# #####
###.##.#.# #.#####.# #....
.........# #.# #.# #....
###.##.### #.# #.# #.... #.##.#
#.#####.# ##.... #.##.# #.......#
#..... ###.##'##############
#.....


There were no monsters in sight!

Vanquished Creatures
  Mara (Elf:3)
  An orb of fire (Zot:1)
  An ancient lich (Vaults:5)
  Vv (Zot:2)
  Margery (Vaults:4)
  Frederick (Vaults:4)
  A caustic shrike (Depths:3)
  Vashnia (Snake:4)
  A curse toe (Zot:1)
  7 golden dragons
  3 bone dragons (Depths:4)
  A doom hound (Vaults:5)
  6 Orb Guardians (Zot:5)
  9 tentacled monstrosities
  11 quicksilver dragons
  A lich (Depths:3)
  A Hell Sentinel (Depths:2)
  2 deep elf blademasters
  A deep elf master archer (Elf:3)
  7 titans (Vaults:5)
  Gastronok (Lair:2)
  2 krakens
  5 sphinxes
  Agnes (Snake:4)
  Polyphemus (Shoals:3)
  8 death cobs
  3 draconian monks
  3 tengu reavers
  6 storm dragons
  9 shadow dragons
  Aizul (Depths:1)
  A rockslime (Zot:1)
  A draconian knight (Depths:4)
  Donald (Snake:1)
  7 nagarajas (Snake:4)
  10 fire giants
  7 frost giants
  9 vault wardens
  8 draconian scorchers
  A balrug (Depths:1)
  10 deep elf sorcerers
  3 deep elf elementalists (Elf:3)
  2 draconian shifters (Zot:2)
  An orc warlord (Orc:1)
  2 cacodemons
  A quicksilver ooze (Lair:1)
  30 very ugly things
  A draconian annihilator (Zot:3)
  A caustic shrike skeleton (Depths:3)
  2 draconian stormcallers
  13 stone giants
  20 ironbound preservers
  5 ironbound thunderhulks
  2 vampire knights
  7 war gargoyles
  11 black draconians
  6 deep elf annihilators (Elf:3)
  11 green draconians
  7 deep elf demonologists
  The ghost of ouz the Carver, a journeyman DsGl of Okawaru (Lair:4)
  10 purple draconians
  5 red draconians
  5 spark wasps
  10 yellow draconians
  A minotaur (Gauntlet)
  13 white draconians
  A spark wasp (shapeshifter) (Depths:2)
  13 dire elephants
  22 ettins
  Snorg (D:12)
  3 merfolk javelineers
  A crystal guardian (Vaults:3)
  10 merfolk impalers
  11 fire dragons
  3 deep elf death magi
  6 great orbs of eyes
  21 yaktaur captains
  10 deep elf high priests
  3 rakshasas
  Josephine (Lair:5)
  8 hydras
  Fannar (D:12)
  8 ice dragons
  28 vault guards
  2 catoblepae
  5 spriggan air magi
  5 alligator snapping turtles
  3 peacekeepers (Vaults:3)
  5 satyrs
  2 salamander tyrants
  5 ironbound frosthearts
  3 ogre magi
  A merfolk avatar (Shoals:2)
  A death knight (D:15)
  11 anacondas
  16 centaur warriors
  12 deep troll shamans
  Erica (Lair:2)
  2 merfolk aquamancers (Shoals:3)
  7 two-headed ogres
  A sphinx skeleton (Depths:3)
  5 boulder beetles
  8 death yaks
  30 dancing weapons
  A two-headed ogre (shapeshifter) (Vaults:5)
  12 naga warriors
  2 orc high priests
  3 tengu warriors
  14 deep troll earth magi
  A vampire mage (Depths:3)
  6 spriggan berserkers
  A shock serpent (shapeshifter) (Vaults:5)
  7 naga sharpshooters
  3 thrashing horrors (Lair:5)
  7 hell knights
  24 deep elf knights
  4 skysharks
  16 iron trolls
  2 shock serpents
  4 sixfirhies
  A skyshark (shapeshifter) (Vaults:5)
  3 glowing orange brains
  5 sea snakes
  A salamander mystic (Snake:2)
  Lodul (D:13)
  A goliath frog (Shoals:4)
  17 deep elf archers
  A deep troll (shapeshifter) (Lair:5)
  4 naga ritualists (Snake:4)
  A golden dragon zombie (Depths:3)
  7 wizards
  A glowing orange brain (shapeshifter) (Vaults:5)
  15 lindwurms
  A flayed ghost (Depths:4)
  73 deep trolls
  17 ironbound convokers
  A golden dragon skeleton (Vaults:1)
  A bog body (Lair:2)
  6 orc knights
  A lindwurm (shapeshifter) (Vaults:5)
  An orange crystal statue (Depths:1)
  33 deep elf pyromancers
  21 deep elf zephyrmancers
  9 harpies
  10 phantasmal warriors
  7 necromancers
  A tengu skeleton (Depths:3)
  11 mana vipers
  7 cyclopes
  18 fauns
  A wolf spider (shapeshifter) (Vaults:5)
  49 ugly things
  10 orc sorcerers
  A faun (shapeshifter) (Elf:1)
  A human zombie (Vaults:1)
  15 salamanders
  6 elephants
  20 moths of wrath
  A salamander (shapeshifter) (D:15)
  19 manticores
  The ghost of dittoslash the Caller, a novice FeSu of Hepliaklqana (D:7)
  8 guardian serpents
  A human skeleton (Vaults:1)
  14 naga magi
  4 smoke demons
  24 black mambas
  A stone giant skeleton (Vaults:4)
  19 vault sentinels
  10 merfolk sirens
  3 gargoyles
  3 water nymphs
  An eye of devastation (Shoals:2)
  A black mamba (shapeshifter) (Vaults:5)
  2 unseen horrors (shapeshifter)
  11 cane toads
  Psyche (D:9)
  An unseen horror (D:13)
  11 komodo dragons
  7 rime drakes
  An efreet (D:13)
  49 yaktaurs
  3 tengu conjurers
  A tormentor (Depths:4)
  4 freezing wraiths
  4 ice devils
  21 merfolk
  A queen bee (shapeshifter) (Lair:5)
  4 meliai
  4 wind drakes
  7 trolls
  A queen bee (Lair:2)
  A tarantella (Snake:1)
  5 hornets
  7 polar bears
  41 blink frogs
  4 snapping turtles
  8 dream sheep
  3 raiju (Lair:5)
  A centaur simulacrum (D:14)
  14 slime creatures
  An elf simulacrum (Vaults:3)
  3 shadows
  2 air elementals
  A culicivora (Vaults:5)
  2 ynoxinuls (Lair:5)
  6 spriggans
  10 water elementals
  68 yaks
  A vampire (D:10)
  8 wraiths
  2 fire elementals
  6 wyverns
  A culicivora (shapeshifter) (D:15)
  A steam dragon (shapeshifter) (Vaults:5)
  Eustachio (D:4)
  6 golden eyes (D:4)
  A chaos spawn (Lair:5)
  A death yak simulacrum (Lair:2)
  2 neqoxecs
  9 basilisks
  Menkaure (D:7)
  A warg (Orc:1)
  31 nagas
  2 two-headed ogre zombies (D:11)
  23 water moccasins
  2 acid dragons (D:11)
  2 floating eyes (Elf:2)
  A floating eye (shapeshifter) (Vaults:5)
  2 glowing shapeshifter skeletons
  An ogre skeleton (Vaults:4)
  2 large abominations (Lair:5)
  An ettin simulacrum (Vaults:4)
  A swamp drake (Shoals:4)
  2 sky beasts
  A black bear (Lair:2)
  30 orc warriors
  2 ice beasts (D:7)
  8 boggarts
  16 ogres
  9 wolves
  12 centaurs
  3 phantoms
  A kobold brigand (D:11)
  11 bullfrogs
  2 gnoll sergeants
  A cane toad simulacrum (Lair:2)
  3 scorpions
  2 earth elementals
  A glowing shapeshifter simulacrum (Vaults:1)
  11 small abominations (Lair:5)
  20 killer bees
  A troll zombie (D:11)
  An elephant simulacrum (Lair:2)
  3 electric eels
  3 howler monkeys
  A hound (D:4)
  3 lava snakes (Lair:2)
  A jelly (D:8)
  32 orc priests
  5 iguanas
  A sleepcap (D:6)
  A gnoll bouda (D:6)
  Natasha (thrice) (D:4)
  50 orc wizards
  5 hell rats (Lair:5)
  5 ogre zombies (D:11)
  2 human simulacra
  Robin (D:4)
  14 gnolls
  7 adders
  2 naga simulacra (Lair:2)
  4 white imps
  An ufetubus (D:5)
  3 worms
  4 dart slugs
  65 orcs
  3 endoplasms
  A giant cockroach (D:1)
  12 goblins
  8 hobgoblins
  6 kobolds
  3 ball pythons
  2 bats
  A goblin skeleton (D:11)
  2 goblin zombies (D:11)
  2 hobgoblin skeletons (D:11)
  2 hobgoblin zombies (D:11)
  An orc skeleton (D:11)
  17 orc zombies (D:11)
  7 rats
  5 tentacles
2039 creatures vanquished.

Vanquished Creatures (collateral kills)
  An ancient lich (Zot:1)
  A red draconian (Zot:1)
  A hydra (Lair:5)
  A moth of wrath (Zot:1)
  2 merfolk (Shoals:3)
  A blink frog (Lair:5)
  A slime creature (D:11)
  2 dream sheep (Shoals:3)
  A water elemental (Shoals:4)
11 creatures vanquished.

Vanquished Creatures (others)
  A draconian knight (Depths:4)
  A draconian shifter (Zot:2)
  A white draconian (Zot:1)
  2 dancing weapons (Zot:1)
  A deep elf pyromancer (Elf:1)
  A water elemental (Elf:2)
  A yak (Lair:3)
  A naga (Snake:4)
  A salamander zombie (Snake:4)
  A human simulacrum (D:13)
  An orc (Elf:1)
  78 spectral weapons
  18 tentacles
108 creatures vanquished.

Grand Total: 2158 creatures vanquished

Notes
Turn   | Place    | Note
-------+----------+-------------------------------------------
     0 | D:1      | EnegeticOcto the Hill Orc Chaos Knight began the quest for
                  | the Orb.
     0 | D:1      | Reached XP level 1. HP: 19/19 MP: 1/1
    49 | D:1      | Reached skill level 1 in Stealth
    49 | D:1      | Reached XP level 2. HP: 20/27 MP: 2/2
    95 | D:1      | XOM: silly message
   178 | D:1      | You fall into a shaft and drop 1 floor!
   522 | D:1      | Reached skill level 4 in Fighting
   532 | D:1      | XOM: silly message
   558 | D:1      | Reached XP level 3. HP: 33/33 MP: 3/3
   865 | D:1      | Reached skill level 1 in Axes
   935 | D:2      | XOM: silly message
  1253 | D:2      | Found a faded altar of an unknown god.
  1601 | D:3      | XOM is BORED!
  1601 | D:3      | Found a burning altar of Makhleb.
  1601 | D:3      | XOM: 3-stop teleportation journey
  1617 | D:3      | Reached skill level 2 in Stealth
  1774 | D:3      | XOM: give mutation
  1774 | D:3      | Gained mutation: You are agile. (Dex +4, Str/Int -1) [Xom's
                  | mischief]
  1939 | D:3      | XOM: give mutations
  1939 | D:3      | Gained mutation: You occasionally lose the ability to read
                  | scrolls when taking damage. [Xom's mischief]
  1939 | D:3      | Lost mutation: You occasionally lose the ability to read
                  | scrolls when taking damage. [Xom's mischief]
  1939 | D:3      | Gained mutation: You occasionally lose the ability to drink
                  | potions when taking damage. [Xom's mischief]
  1939 | D:3      | Gained mutation: You have a pair of small antennae on your
                  | head. [Xom's mischief]
  2050 | D:3      | Reached skill level 2 in Axes
  2298 | D:4      | Noticed Natasha
  2307 | D:4      | Killed Natasha
  2308 | D:4      | Reached skill level 3 in Axes
  2308 | D:4      | Reached XP level 4. HP: 32/40 MP: 4/4
  2313 | D:4      | Noticed Natasha
  2319 | D:4      | Killed Natasha
  2363 | D:4      | Reached skill level 4 in Axes
  2397 | D:4      | Reached XP level 5. HP: 46/46 MP: 5/5
  2570 | D:4      | Found a radiant altar of Vehumet.
  2660 | D:4      | Noticed Robin
  2660 | D:4      | Noticed Natasha
  2670 | D:4      | Killed Robin
  2671 | D:4      | Reached skill level 5 in Axes
  2676 | D:4      | XOM: enchant monster (bad)
  2692 | D:4      | Killed Natasha
  2693 | D:4      | Reached skill level 6 in Axes
  2693 | D:4      | Reached XP level 6. HP: 35/52 MP: 6/6
  3022 | D:4      | XOM: god gift: 2 potions of heal wounds
  3156 | D:4      | Found a white marble altar of Elyvilon.
  3157 | D:4      | Noticed Eustachio
  3167 | D:4      | Killed Eustachio
  3168 | D:4      | Reached skill level 7 in Axes
  3171 | D:4      | XOM: summons 1 hostile shadow creature
  3243 | D:5      | Entered Level 5 of the Dungeon
  3251 | D:5      | Reached skill level 8 in Axes
  3283 | D:5      | Reached XP level 7. HP: 45/59 MP: 7/7
  3424 | D:5      | XOM: give mutation
  3424 | D:5      | Gained mutation: You are strong-willed. (Will+) [Xom's
                  | grace]
  3467 | D:5      | Reached skill level 9 in Axes
  3474 | D:5      | XOM: scenery: summon butterflies
  3495 | D:5      | XOM: god gift: 33 gold pieces
  3895 | D:5      | XOM: scenery: 1 doors close
  3904 | D:5      | Reached skill level 10 in Axes
  3921 | D:5      | Reached XP level 8. HP: 47/66 MP: 8/8
  4031 | D:5      | XOM: god gift: scroll of poison
  4368 | D:6      | XOM: god gift: wand of mindburst (7)
  4413 | D:6      | Reached skill level 11 in Axes
  4695 | D:6      | Reached skill level 3 in Armour
  4734 | D:6      | XOM: summons friendly ufetubus
  4759 | D:6      | Found a staircase to the Ecumenical Temple.
  4973 | D:6      | Found a stormy altar of Qazlal.
  5048 | D:6      | Reached skill level 5 in Fighting
  5053 | D:6      | XOM: potion effect (brilliance)
  5096 | D:6      | XOM: silly message
  5128 | D:6      | XOM: silly message
  5465 | D:6      | XOM: silly message
  5534 | D:6      | XOM: divination: detect items
  5662 | D:6      | Reached skill level 12 in Axes
  5818 | D:7      | XOM: polymorph orc warrior -> water moccasin
  5825 | D:7      | Noticed Menkaure
  5826 | D:7      | Reached skill level 4 in Armour
  5826 | D:7      | Reached XP level 9. HP: 71/74 MP: 9/9
  5832 | D:7      | Killed Menkaure
  5864 | D:7      | XOM: 5-stop teleportation journey
  5893 | D:7      | Found a runed translucent door.
  6017 | D:7      | Reached skill level 6 in Fighting
  6158 | D:7      | Found a glowing golden altar of the Shining One.
  6159 | D:7      | Found an opulent altar of Gozag.
  6260 | D:7      | Reached skill level 13 in Axes
  6534 | D:7      | Noticed dittoslash's ghost (novice FeSu)
  6748 | D:8      | Reached skill level 5 in Armour
  7098 | D:8      | XOM: divination: magic mapping
  7320 | D:8      | Noticed a lindwurm
  7320 | D:8      | Noticed a lindwurm
  7447 | D:8      | XOM: give mutations
  7447 | D:8      | Gained mutation: You expend magic power (3 MP) to
                  | strengthen your wands. [Xom's grace]
  7447 | D:8      | Gained mutation: Your system is resistant to poisons.
                  | (rPois) [Xom's grace]
  7447 | D:8      | Gained mutation: Your spells are a little harder to cast,
                  | but a little more powerful. [Xom's grace]
  7447 | D:8      | Gained mutation: Your mind is acute. (Int +4, Str/Dex -1)
                  | [Xom's grace]
  7577 | D:9      | XOM: confuse monster(s)
  7579 | D:9      | XOM: 3-stop teleportation journey
  7594 | D:9      | Reached skill level 7 in Fighting
  7770 | D:8      | XOM: god gift: runed longbow {god gift}
  7902 | D:9      | Noticed a komodo dragon
  7919 | D:9      | Killed a komodo dragon
  7920 | D:9      | Reached skill level 14 in Axes
  7920 | D:9      | Reached skill level 6 in Armour
  7920 | D:9      | Reached XP level 10. HP: 57/86 MP: 10/10
  7983 | D:8      | XOM: god gift: scroll of fog
  8095 | D:9      | Reached skill level 1 in Dodging
  8098 | D:9      | Noticed Psyche
  8098 | D:9      | XOM: 2-stop teleportation journey
  8208 | D:9      | Reached skill level 1 in Evocations
  8222 | D:9      | XOM: noise
  8231 | D:9      | XOM: silly message
  8298 | D:9      | Killed Psyche
  8391 | D:9      | XOM: fog
  8446 | D:9      | Reached skill level 8 in Fighting
  8449 | D:9      | Reached skill level 2 in Evocations
  8538 | D:9      | Reached skill level 15 in Axes
  8538 | D:9      | Reached skill level 2 in Dodging
  8869 | D:10     | Entered Level 10 of the Dungeon
  9004 | D:10     | XOM: god gift: long sword {god gift}
  9062 | D:10     | Found a transporter.
  9062 | D:10     | Found a transporter.
  9062 | D:10     | XOM: 4-stop teleportation journey
  9077 | D:10     | Found a staircase to the Lair.
  9135 | D:10     | Found a transporter.
  9139 | D:10     | Found a transporter.
  9226 | D:10     | XOM: silly message
  9244 | D:10     | XOM: 2-stop teleportation journey
  9426 | D:10     | Reached skill level 7 in Armour
  9491 | D:10     | Found Zulalall's Jewellery Emporium.
  9501 | D:10     | Bought a +4 ring of protection for 540 gold pieces
 10000 | Lair:1   | Entered Level 1 of the Lair of Beasts
 10011 | Lair:1   | XOM: cast spell 'Cause Fear'
 10020 | Lair:1   | Reached skill level 3 in Evocations
 10027 | Lair:1   | Reached XP level 11. HP: 95/95 MP: 11/11
 10040 | Lair:1   | Reached skill level 3 in Dodging
 10097 | Lair:1   | XOM: summons 3 friendly demons
 10110 | Lair:1   | Reached skill level 16 in Axes
 10174 | Lair:1   | Reached skill level 9 in Fighting
 10181 | Lair:1   | XOM: god gift: scroll of teleportation
 10192 | Lair:1   | XOM: 1-stop teleportation journey
 10267 | Lair:1   | XOM: cleaving
 10271 | Lair:1   | XOM: summons friendly white imp
 10272 | Lair:1   | XOM: cast spell 'Summon Ice Beast'
 10279 | Lair:1   | Reached skill level 4 in Evocations
 10292 | Lair:1   | XOM: 8-stop teleportation journey
 10487 | Lair:1   | XOM: blink monster(s)
 10492 | Lair:1   | Reached skill level 8 in Armour
 10523 | Lair:1   | Noticed a six-headed hydra
 10524 | Lair:1   | a six-headed hydra changed into a quicksilver ooze
 10524 | Lair:1   | Noticed a quicksilver ooze
 10524 | Lair:1   | XOM: polymorph six-headed hydra -> quicksilver ooze
 10525 | Lair:1   | Noticed a seven-headed hydra
 10545 | Lair:1   | Reached skill level 4 in Dodging
 10822 | Lair:1   | XOM: silly message
 10881 | Lair:1   | XOM: cast spell 'Summon Ice Beast'
 10945 | D:10     | XOM: give mutations
 10945 | D:10     | Gained mutation: You are partially covered in iridescent
                  | scales. (AC +2) [Xom's mischief]
 10945 | D:10     | Lost mutation: You expend magic power (3 MP) to strengthen
                  | your wands. [Xom's mischief]
 10945 | D:10     | Gained mutation: You are frail. (-10% HP) [Xom's mischief]
 10945 | D:10     | Lost mutation: You are partially covered in iridescent
                  | scales. (AC +2) [Xom's mischief]
 11139 | Lair:1   | Killed a seven-headed hydra
 11140 | Lair:1   | Reached skill level 5 in Evocations
 11168 | D:10     | XOM: give mutations
 11168 | D:10     | Lost mutation: Your mind is acute. (Int +4, Str/Dex -1)
                  | [Xom's mischief]
 11168 | D:10     | Gained mutation: Your muscles are strong. (Str +4, Int/Dex
                  | -1) [Xom's mischief]
 11168 | D:10     | Gained mutation: You are very frail. (-20% HP) [Xom's
                  | mischief]
 11428 | Lair:1   | Reached skill level 10 in Fighting
 11615 | Lair:1   | XOM: smoke on damage
 11645 | D:10     | XOM: give mutations
 11645 | D:10     | Lost mutation: You occasionally lose the ability to drink
                  | potions when taking damage. [Xom's mischief]
 11645 | D:10     | Gained mutation: You passively map a small area around you.
                  | [Xom's mischief]
 11758 | D:11     | XOM: confusion (+ monsters)
 11763 | D:11     | XOM: silly message
 11769 | D:11     | XOM: enchant monster (bad)
 11777 | D:11     | Reached skill level 9 in Armour
 11783 | D:11     | Reached XP level 12. HP: 75/84 MP: 12/12
 11787 | D:11     | Reached skill level 5 in Dodging
 11811 | D:11     | Reached skill level 6 in Evocations
 11823 | D:11     | XOM: repel stairs
 11922 | D:11     | Found a staircase to the Orcish Mines.
 11965 | D:11     | Reached skill level 10 in Armour
 12185 | D:11     | Noticed a four-headed hydra
 12213 | D:11     | Noticed a boulder beetle
 12233 | D:11     | Killed a boulder beetle
 12431 | D:11     | XOM: enchant monster (good)
 12495 | D:11     | XOM: cloud trail
 12499 | D:11     | XOM: god gift: wand of quicksilver (5)
 12847 | D:11     | Noticed a boulder beetle
 12849 | D:11     | XOM: 5-stop teleportation journey
 12952 | D:11     | XOM: scenery: summon butterflies
 13002 | D:11     | XOM: cast spell 'Call Canine Familiar'
 13010 | D:11     | Killed a boulder beetle
 13020 | D:11     | XOM: confuse monster(s)
 13164 | D:11     | XOM: cleaving
 13167 | D:11     | Reached skill level 11 in Fighting
 13167 | D:11     | Reached skill level 6 in Dodging
 13237 | D:11     | Killed a four-headed hydra
 13265 | D:11     | XOM: fog
 13277 | D:11     | Reached skill level 11 in Armour
 13331 | D:11     | XOM: summons 1 hostile demon
 13417 | D:11     | XOM: summons 3 hostile shadow creatures
 13562 | D:11     | XOM: give mutations
 13562 | D:11     | Lost mutation: Your spells are a little harder to cast, but
                  | a little more powerful. [Xom's mischief]
 13562 | D:11     | Gained mutation: Your magical capacity is low. (-10% MP)
                  | [Xom's mischief]
 13684 | Lair:1   | XOM: swap monsters
 13692 | Lair:1   | XOM: summons 1 hostile shadow creature
 13702 | Lair:1   | XOM: stat loss: -1 Str (22/23)
 13704 | Lair:1   | Found a runed translucent door.
 13707 | Lair:1   | XOM: confusion
 13726 | Lair:1   | Found a shimmering altar of Xom.
 13726 | Lair:1   | Noticed Beaer's ghost (journeyman OpFi)
 13861 | Lair:1   | Killed a quicksilver ooze
 13947 | Lair:1   | Reached XP level 13. HP: 82/93 MP: 11/11
 14024 | Lair:1   | XOM: summons 2 hostile demons
 14111 | Lair:1   | Identified a scroll of acquirement
 14111 | Lair:1   | Acquired the +3 broad axe "Ykaent" {heavy, rElec Will+
                  | Int+2 Dex-2}
 14127 | Lair:2   | XOM: summons 2 hostile demons
 14184 | Lair:2   | XOM: 3-stop teleportation journey
 14216 | Lair:2   | Reached skill level 12 in Fighting
 14299 | Lair:2   | Reached skill level 7 in Dodging
 14361 | Lair:2   | XOM: enchant monster (good)
 14434 | Lair:2   | XOM: enchant monster (good)
 14435 | Lair:2   | XOM: scenery: 2 doors open
 14534 | Lair:2   | XOM: scenery: 1 doors close
 14535 | Lair:2   | Noticed Sonja
 14536 | Lair:2   | Sonja changed into Sonja the queen bee
 14536 | Lair:2   | Noticed Sonja
 14539 | Lair:2   | Killed Sonja the queen bee
 14554 | Lair:2   | XOM: cleaving
 14582 | Lair:2   | Noticed Erica
 14587 | Lair:2   | Killed Erica
 14588 | Lair:2   | Reached skill level 12 in Armour
 14990 | Lair:2   | Found a staircase to the Snake Pit.
 14990 | Lair:2   | XOM: scenery: summon butterflies
 15291 | Lair:2   | XOM: blink monster(s)
 15295 | Lair:2   | XOM: cleaving
 15785 | Lair:3   | Found a gate leading to a gauntlet.
 15789 | Gauntlet | Entered a Gauntlet
 15789 | Gauntlet | Noticed a dire elephant
 15789 | Gauntlet | Found a large runed translucent door.
 15789 | Gauntlet | Found a large runed translucent door.
 15789 | Gauntlet | Found a large runed translucent door.
 15789 | Gauntlet | Found a large runed translucent door.
 15789 | Gauntlet | Found a large runed translucent door.
 15789 | Gauntlet | Found a large runed translucent door.
 15789 | Gauntlet | Found a large runed translucent door.
 15789 | Gauntlet | Found a large runed translucent door.
 15789 | Gauntlet | Found a runed translucent door.
 15789 | Gauntlet | Found a runed translucent gate.
 15789 | Gauntlet | Found a transporter.
 15789 | Gauntlet | Found a transporter.
 15789 | Gauntlet | Found a runed translucent gate.
 15789 | Gauntlet | Found a transporter.
 15789 | Gauntlet | Found a transporter.
 15793 | Gauntlet | Found a transporter.
 15804 | Gauntlet | Found a transporter.
 15825 | Gauntlet | Found a transporter.
 15847 | Gauntlet | Found a transporter.
 15866 | Gauntlet | Found a transporter.
 15872 | Gauntlet | Found a transporter.
 15889 | Gauntlet | Found a transporter.
 15912 | Gauntlet | Found a runed translucent door.
 15913 | Gauntlet | Found a large runed translucent door.
 15913 | Gauntlet | Found a large runed translucent door.
 15913 | Gauntlet | Found a large runed translucent door.
 15913 | Gauntlet | Found a large runed translucent door.
 15914 | Gauntlet | Found a large runed translucent door.
 15914 | Gauntlet | Found a large runed translucent door.
 15915 | Gauntlet | Found a large runed translucent door.
 15915 | Gauntlet | Found a large runed translucent door.
 15924 | Gauntlet | Found a runed translucent gate.
 15945 | Gauntlet | Found a transporter.
 16031 | Gauntlet | Killed a dire elephant
 16032 | Gauntlet | Reached skill level 13 in Fighting
 16100 | Gauntlet | Identified the amulet of the Hecatoncheires {rF+ rC+++
                  | Will+ Regen+ Slay-3}
 16151 | Gauntlet | Identified the amulet of the Forgotten Mouths {Regen+
                  | Stlth+}
 16168 | Gauntlet | Identified the ring of the Centipede {rPois Str+3 Dex+2}
 16168 | Gauntlet | Noticed a minotaur
 16173 | Gauntlet | Killed a minotaur
 16174 | Gauntlet | Reached skill level 17 in Axes
 16174 | Gauntlet | Reached skill level 8 in Dodging
 16223 | Lair:3   | XOM: enchant monster (good)
 16242 | Lair:3   | XOM: polymorph blink frog -> black mamba
 16285 | Lair:3   | Found a staircase to the Shoals.
 16355 | Lair:3   | XOM: blink monster(s)
 16368 | Lair:3   | Reached XP level 14. HP: 103/103 MP: 12/12
 16393 | Lair:3   | Reached skill level 13 in Armour
 16609 | Lair:3   | XOM: potion effect (curing)
 16763 | Lair:3   | XOM: stat loss: -1 Dex (12/13)
 16795 | Lair:3   | XOM: give mutations
 16795 | Lair:3   | Lost mutation: Your magical capacity is low. (-10% MP)
                  | [Xom's mischief]
 16795 | Lair:3   | Lost mutation: You passively map a small area around you.
                  | [Xom's mischief]
 16795 | Lair:3   | Lost mutation: Your system is resistant to poisons. (rPois)
                  | [Xom's mischief]
 16795 | Lair:3   | Lost mutation: You have a pair of small antennae on your
                  | head. [Xom's mischief]
 17149 | Lair:4   | XOM: scenery: create altars
 17157 | Lair:4   | Identified the +2 quarterstaff "Gysir" {flame, rPois Will+
                  | Str+3 Dex+4}
 17235 | Lair:4   | XOM: polymorph bullfrog -> worm
 17244 | Lair:4   | XOM: summons friendly quasit
 17256 | Lair:4   | Reached skill level 14 in Fighting
 17312 | Lair:4   | XOM: blink monster(s)
 17408 | Lair:4   | Noticed Nessos
 17410 | Lair:4   | Nessos changed into Nessos the troll
 17410 | Lair:4   | Noticed Nessos
 17411 | Lair:4   | XOM: 4-stop teleportation journey
 17563 | Lair:3   | XOM: noise
 17690 | Lair:4   | Found a staircase to the Slime Pits.
 17710 | Lair:4   | XOM: summons 1 hostile demon
 17765 | Lair:4   | Found a large runed translucent door.
 17765 | Lair:4   | Found a large runed translucent door.
 17774 | Lair:4   | Noticed ouz's ghost (journeyman DsGl)
 17833 | Lair:4   | Killed Nessos the troll
 17857 | Lair:4   | XOM: 1-stop teleportation journey
 18058 | Lair:4   | XOM: fake destruction
 18074 | Lair:4   | Killed ouz's ghost
 18075 | Lair:4   | Reached skill level 18 in Axes
 18085 | Lair:4   | XOM: cloud trail
 18102 | Lair:5   | XOM: stealth player
 18102 | Lair:5   | Entered Level 5 of the Lair of Beasts
 18108 | Lair:5   | XOM: polymorph cane toad -> meliai
 18135 | Lair:5   | Noticed Josephine
 18143 | Lair:5   | XOM: enchant monster (good)
 18154 | Lair:5   | XOM: potion effect (might)
 18156 | Lair:5   | Killed Josephine
 18157 | Lair:5   | Reached skill level 14 in Armour
 18282 | Lair:5   | XOM: cleaving
 18329 | Lair:5   | XOM: god gift: scroll of enchant armour
 18406 | Lair:5   | XOM: chaos cloud
 18449 | Lair:5   | Found an ornate altar of the Wu Jian Council.
 18450 | Lair:5   | Found a hide-covered altar of Uskayaw.
 18451 | Lair:5   | XOM: cleaving
 18458 | Lair:5   | XOM: swap monsters
 18478 | Lair:5   | XOM: cast spell 'Death Channel'
 18479 | Lair:5   | XOM: summons 3 friendly demons
 18586 | Lair:5   | XOM: swap monsters
 18735 | Lair:5   | Reached skill level 7 in Evocations
 19014 | Lair:5   | XOM: summons friendly quasit
 19015 | Lair:5   | XOM: give mutations
 19015 | Lair:5   | Gained mutation: You are partially covered in iridescent
                  | scales. (AC +2) [Xom's mischief]
 19015 | Lair:5   | Gained mutation: You are highly strong-willed. (Will++)
                  | [Xom's mischief]
 19015 | Lair:5   | Lost mutation: You are very frail. (-20% HP) [Xom's
                  | mischief]
 19016 | Lair:5   | XOM: divination: detect creatures
 19084 | Lair:5   | Reached XP level 15. HP: 94/125 MP: 15/15
 19114 | Lair:5   | XOM: silly message
 19223 | Lair:5   | Reached skill level 15 in Fighting
 19232 | Lair:5   | Reached skill level 9 in Dodging
 19243 | Lair:5   | XOM: god gift: scroll of teleportation
 19265 | Lair:5   | XOM: cleaving
 19313 | Lair:5   | Found a corrupted altar of Lugonu.
 19313 | Lair:5   | Found a one-way gate to the infinite horrors of the Abyss.
 19388 | Lair:5   | XOM: scenery: create altars
 19402 | Lair:5   | XOM: give mutations
 19402 | Lair:5   | Gained mutation: You passively map a small area around you.
                  | [Xom's grace]
 19402 | Lair:5   | Gained mutation: Your mind is acute. (Int +4, Str/Dex -1)
                  | [Xom's grace]
 19402 | Lair:5   | Gained mutation: You have a pair of small horns on your
                  | head. [Xom's grace]
 19402 | Lair:5   | Gained mutation: Your muscles are very strong. (Str +8,
                  | Int/Dex -2) [Xom's grace]
 19647 | D:10     | XOM: god gift: Young Poisoner's Handbook
 19729 | D:7      | Killed dittoslash's ghost
 19730 | D:7      | Reached skill level 19 in Axes
 19766 | D:8      | XOM: scenery: create altars
 19775 | D:8      | Reached skill level 8 in Evocations
 19792 | D:8      | Identified the ring "Fiomuux" {Ice rElec rCorr Dex+2
                  | Stlth-}
 19892 | Orc:1    | Entered Level 1 of the Orcish Mines
 19917 | Orc:1    | Noticed an orc warlord
 19940 | Orc:1    | Killed an orc warlord
 20075 | Orc:1    | Found a transporter.
 20090 | Orc:1    | XOM: polymorph red devil -> neqoxec
 20092 | Orc:1    | Noticed Enim's ghost (journeyman DjFE)
 20096 | Orc:1    | You fall into a shaft and drop 1 floor!
 20096 | Orc:2    | XOM: noise
 20096 | Orc:2    | Entered Level 2 of the Orcish Mines
 20254 | Orc:2    | XOM: cloud trail
 20413 | Orc:2    | XOM is BORED!
 20413 | Orc:2    | XOM: draining
 20458 | Orc:2    | Found Caytad's General Store.
 20472 | Orc:2    | Bought a potion of haste for 160 gold pieces
 20472 | Orc:2    | Bought a scroll of teleportation for 48 gold pieces
 20592 | Orc:2    | Found a staircase to the Elven Halls.
 20729 | Orc:2    | Found Xoac Rei's Magic Scroll Emporium.
 20729 | Orc:2    | Found Xoloapayg's Assorted Antiques.
 20730 | Orc:2    | Found Amagall's Distillery.
 20734 | Orc:2    | Found Usofagih's Antique Armour Shoppe.
 20737 | Orc:2    | Bought a scroll of blinking for 105 gold pieces
 20738 | Orc:2    | Bought an iridescent broad axe for 243 gold pieces
 20738 | Orc:2    | Identified the +8 broad axe "Sioff" {venom, rN+ Int-2
                  | Stlth+} (You bought it in a shop on level 2 of the Orcish
                  | Mines)
 20740 | Orc:2    | Bought a runed cloak for 270 gold pieces
 20874 | Orc:1    | Found a bloodstained altar of Trog.
 20993 | Orc:1    | Found a transporter.
 21450 | D:12     | XOM: god gift: 2 stones
 21467 | D:12     | Noticed Snorg
 21472 | D:12     | Killed Snorg
 21788 | D:12     | XOM: silly message
 21805 | D:12     | Noticed Fannar
 21812 | D:12     | Killed Fannar
 22193 | D:13     | XOM is BORED!
 22193 | D:13     | XOM: silly message
 22387 | D:13     | Noticed Lodul
 22389 | D:13     | XOM: chaos upgrade
 22400 | D:13     | Reached skill level 9 in Evocations
 22403 | D:13     | Killed Lodul
 22473 | D:13     | XOM: silly message
 22529 | D:13     | XOM: scenery: create altars
 22626 | D:13     | XOM: divination: detect items
 22642 | D:13     | XOM: divination: detect creatures
 22675 | D:13     | Reached skill level 16 in Fighting
 22895 | D:13     | XOM: silly message
 23031 | D:13     | XOM: summons 5 hostile demons
 23073 | D:13     | XOM: god gift: book of Dreams
 23210 | D:14     | XOM: noise
 23234 | D:14     | XOM: swap monsters
 23239 | D:14     | Reached skill level 10 in Dodging
 23241 | D:14     | Reached XP level 16. HP: 105/135 MP: 16/16
 23352 | D:14     | Got a decrepit book
 23421 | D:14     | Reached skill level 20 in Axes
 23423 | D:14     | Found a gate to the Vaults.
 23424 | D:14     | XOM: polymorph yaktaur captain -> death yak
 23429 | D:14     | XOM: draining
 23438 | D:14     | XOM: summons 8 friendly demons
 23442 | D:14     | XOM: 1-stop teleportation journey
 23451 | D:14     | Reached skill level 10 in Evocations
 23592 | D:14     | Reached skill level 17 in Fighting
 23641 | D:14     | XOM: god gift: throwing net
 23968 | D:14     | XOM is BORED!
 23968 | D:14     | XOM: summons 4 hostile shadow creatures
 24027 | D:15     | Entered Level 15 of the Dungeon
 24028 | D:15     | XOM: confusion (+ monsters)
 24056 | D:15     | XOM: divination: detect creatures
 24257 | D:15     | XOM: summons 9 friendly demons
 24260 | D:15     | XOM: enchant monster (bad)
 24272 | D:15     | Reached skill level 18 in Fighting
 24309 | D:15     | XOM: enchant monster (bad)
 24314 | D:15     | Reached skill level 1 in Shields
 24524 | D:15     | Found a staircase to the Depths.
 24524 | D:15     | XOM: summons friendly shadow imp
 24532 | D:15     | XOM: confuse monster(s)
 24534 | D:15     | Reached skill level 2 in Shields
 24543 | D:15     | XOM: blink monster(s)
 24669 | D:15     | XOM: silly message
 24674 | D:15     | Found an opulent altar of Gozag.
 24696 | D:15     | Reached skill level 3 in Shields
 24917 | Snake:1  | Entered Level 1 of the Snake Pit
 24917 | Snake:1  | Noticed Donald
 24926 | Snake:1  | XOM: cast spell 'Cause Fear'
 24927 | Snake:1  | Killed Donald
 25043 | Snake:1  | Found a transporter.
 25047 | Snake:1  | Noticed zdzicho121's ghost (journeyman TrFi)
 25063 | Snake:1  | Found a transporter.
 25081 | Snake:1  | XOM: confuse monster(s)
 25085 | Snake:1  | Reached skill level 4 in Shields
 25088 | Snake:1  | XOM: silly message
 25129 | Snake:1  | XOM: polymorph black mamba -> tarantella
 25204 | Snake:1  | XOM: snakes to sticks
 25206 | Snake:1  | XOM: potion effect (might)
 25338 | Snake:1  | Reached skill level 5 in Shields
 25575 | Snake:2  | XOM: cast spell 'Summon Small Mammal'
 25584 | Snake:2  | Identified the +7 morningstar of Saliu {freeze, Int+4}
 25625 | Snake:2  | XOM: potion effect (might)
 25634 | Snake:2  | Reached skill level 19 in Fighting
 25636 | Snake:2  | Reached skill level 6 in Shields
 25644 | Snake:2  | Reached XP level 17. HP: 116/151 MP: 17/17
 25703 | Snake:2  | XOM: scenery: create altars
 25714 | Snake:2  | XOM: scenery: summon butterflies
 25715 | Snake:2  | XOM: smoke on damage
 26020 | Snake:2  | Found a shimmering blue altar of Sif Muna.
 26244 | Snake:2  | Reached skill level 7 in Shields
 26376 | Snake:3  | Found Uluig's General Store.
 26385 | Snake:3  | Bought a box of beasts for 720 gold pieces
 26385 | Snake:3  | Bought a scroll of teleportation for 54 gold pieces
 26385 | Snake:3  | Bought a potion of resistance for 180 gold pieces
 26524 | Snake:3  | Found Ramatuif's Jewellery Boutique.
 26653 | Snake:3  | Reached skill level 8 in Shields
 26671 | Snake:3  | Found Liut's Antique Armour Shoppe.
 26727 | Snake:3  | Found Leschezoa's Antique Weapon Emporium.
 26777 | Snake:3  | XOM: divination: detect creatures
 26925 | Snake:4  | Entered Level 4 of the Snake Pit
 26988 | Snake:4  | XOM: give mutation
 26988 | Snake:4  | Gained mutation: You are very agile. (Dex +8, Str/Int -2)
                  | [Xom's grace]
 27441 | Snake:4  | Noticed Agnes
 27443 | Snake:4  | XOM: scenery: summon butterflies
 27451 | Snake:4  | XOM: smoke on damage
 27455 | Snake:4  | Killed Agnes
 27456 | Snake:4  | Reached skill level 20 in Fighting
 27598 | Snake:4  | XOM: destruction
 27599 | Snake:4  | XOM: divination: magic mapping
 27608 | Snake:4  | XOM: enchant monster (good)
 27609 | Snake:4  | XOM: noise
 27611 | Snake:4  | Reached skill level 9 in Shields
 27612 | Snake:4  | XOM: snakes to sticks
 27656 | Snake:4  | XOM: cast spell 'Alistair's Intoxication'
 27673 | Snake:4  | XOM: summons 2 friendly demons
 27678 | Snake:4  | XOM: enchant monster (good)
 27749 | Snake:4  | XOM: chaos upgrade
 27756 | Snake:4  | Reached skill level 10 in Shields
 27859 | Snake:3  | XOM: divination: detect items
 28032 | Snake:4  | XOM: enchant monster (good)
 28036 | Snake:4  | XOM: scenery: summon butterflies
 28110 | Snake:4  | Reached skill level 11 in Shields
 28260 | Snake:4  | XOM: enchant monster (bad)
 28539 | Snake:4  | XOM: confusion
 28555 | Snake:4  | Noticed Vashnia
 28558 | Snake:4  | Reached skill level 12 in Shields
 28578 | Snake:4  | XOM: confusion
 28603 | Snake:4  | Killed Vashnia
 28697 | Snake:4  | XOM: torment (67/153 hp)
 28715 | Snake:4  | XOM: summons 9 hostile demons
 28788 | Snake:4  | Got a serpentine rune of Zot
 28884 | Snake:4  | XOM: noise
 29125 | Snake:4  | XOM: give mutations
 29125 | Snake:4  | Lost mutation: You have a pair of small horns on your head.
                  | [Xom's mischief]
 29125 | Snake:4  | Lost mutation: Your mind is acute. (Int +4, Str/Dex -1)
                  | [Xom's mischief]
 29125 | Snake:4  | Lost mutation: You are frail. (-10% HP) [Xom's mischief]
 29416 | Shoals:1 | Entered Level 1 of the Shoals
 29426 | Shoals:1 | XOM: blink monster(s)
 29427 | Shoals:1 | XOM: chaos upgrade
 29447 | Shoals:1 | Reached XP level 18. HP: 162/178 MP: 18/18
 29519 | Shoals:1 | XOM: noise
 29828 | Shoals:1 | XOM: cast spell 'Dispersal'
 30023 | Shoals:1 | XOM: polymorph skyshark -> anaconda
 30033 | Shoals:1 | XOM: give mutations
 30033 | Shoals:1 | Lost mutation: You are partially covered in iridescent
                  | scales. (AC +2) [Xom's mischief]
 30033 | Shoals:1 | Gained mutation: You have a pair of small horns on your
                  | head. [Xom's mischief]
 30033 | Shoals:1 | Gained mutation: You expend magic power (3 MP) to
                  | strengthen your wands. [Xom's mischief]
 30033 | Shoals:1 | Lost mutation: Your muscles are very strong. (Str +8,
                  | Int/Dex -2) [Xom's mischief]
 30046 | Shoals:1 | Identified the +6 dagger "Naonaak" {flame, rPois}
 30049 | Shoals:1 | Found Nan Pen's Antique Weapon Emporium.
 30060 | Shoals:1 | XOM: give mutations
 30060 | Shoals:1 | Gained mutation: You are extremely strong-willed. (Will+++)
                  | [Xom's mischief]
 30060 | Shoals:1 | Lost mutation: You are extremely strong-willed. (Will+++)
                  | [Xom's mischief]
 30085 | Shoals:1 | Identified the +6 ring mail of Xiosein {-Cast Str+2 Slay+6}
 30473 | Shoals:2 | XOM: god gift: 35 gold pieces
 30531 | Shoals:2 | XOM: polymorph merfolk -> eye of devastation
 30585 | Shoals:2 | XOM: 4-stop teleportation journey
 30604 | Shoals:2 | Reached skill level 13 in Shields
 30642 | Shoals:2 | XOM: blink monster(s)
 30665 | Shoals:2 | Identified the +1 leather armour of the Other World
                  | {*Corrode rF+ Will++}
 30736 | Shoals:2 | XOM: 4-stop teleportation journey
 31261 | Shoals:3 | XOM: 1-stop teleportation journey
 31319 | Shoals:3 | XOM: chaos upgrade
 31431 | Shoals:3 | XOM: potion effect (invisibility)
 31666 | Shoals:3 | XOM: blink monster(s)
 31956 | Shoals:3 | XOM: scenery: summon butterflies
 31986 | Shoals:3 | Reached skill level 11 in Evocations
 31989 | Shoals:3 | Noticed Polyphemus
 32011 | Shoals:3 | Killed Polyphemus
 32206 | Shoals:3 | XOM: 7-stop teleportation journey
 32375 | Shoals:4 | Entered Level 4 of the Shoals
 32454 | Shoals:4 | XOM: 3-stop teleportation journey
 32462 | Shoals:4 | XOM: cast spell 'Summon Cactus Giant'
 32499 | Shoals:4 | Reached skill level 15 in Armour
 32568 | Shoals:4 | XOM: potion effect (haste)
 32584 | Shoals:4 | XOM: blink monster(s)
 32586 | Shoals:4 | XOM: noise
 32655 | Shoals:4 | XOM: polymorph faun -> satyr
 32691 | Shoals:4 | XOM: swap monsters
 32787 | Shoals:4 | XOM: confuse monster(s)
 32939 | Shoals:4 | Reached skill level 14 in Shields
 33084 | Shoals:4 | XOM: enchant monster (bad)
 33143 | Shoals:4 | Reached skill level 21 in Fighting
 33143 | Shoals:4 | Reached XP level 19. HP: 173/189 MP: 19/19
 33199 | Shoals:4 | Identified the +8 flail of Wiumoqo {antimagic, rF++ rCorr}
 33302 | Shoals:4 | Got a barnacled rune of Zot
 33378 | Shoals:4 | XOM: enchant monster (bad)
 33398 | Shoals:4 | XOM: cloud trail
 33421 | Shoals:4 | Got a colourful book
 33647 | Lair:2   | Noticed Gastronok
 33658 | Lair:2   | Killed Gastronok
 33759 | Elf:1    | Entered Level 1 of the Elven Halls
 33771 | Elf:1    | XOM: swap monsters
 33813 | Elf:1    | XOM: cleaving
 33865 | Elf:1    | XOM: scenery: create altars
 33876 | Elf:1    | XOM: summons friendly iron imp
 34048 | Elf:1    | Reached skill level 12 in Evocations
 34109 | Elf:1    | XOM: cleaving
 34131 | Elf:1    | XOM: cleaving
 34484 | Elf:1    | XOM: summons 6 friendly demons
 34489 | Elf:1    | XOM: polymorph shadow imp -> iron imp
 34796 | Elf:1    | XOM: enchant monster (bad)
 34822 | Elf:1    | Found a runed translucent gate.
 34822 | Elf:1    | Found a runed translucent gate.
 34822 | Elf:1    | Found a runed translucent gate.
 34822 | Elf:1    | Found a runed translucent gate.
 34822 | Elf:1    | Found a runed translucent gate.
 34824 | Elf:1    | Found a runed translucent gate.
 34850 | Elf:1    | XOM: polymorph iron dragon -> shapeshifter
 34872 | Elf:1    | Reached skill level 16 in Armour
 35017 | Elf:2    | XOM: 2-stop teleportation journey
 35030 | Elf:2    | XOM: 1-stop teleportation journey
 35066 | Elf:2    | XOM: 4-stop teleportation journey
 35128 | Elf:2    | XOM: enchant monster (bad)
 35181 | Elf:2    | XOM: fake destruction
 35203 | Elf:2    | Paralysed by an air elemental for 1 turns
 35207 | Elf:2    | Paralysed by an air elemental for 1 turns
 35213 | Elf:2    | XOM: polymorph deep elf archer -> sea snake
 35218 | Elf:2    | XOM: confuse monster(s)
 35223 | Elf:2    | Reached skill level 15 in Shields
 35267 | Elf:2    | Found Jass's Antique Armour Shop.
 35279 | Elf:2    | XOM: scenery: 2 doors open, 1 doors close
 35382 | Elf:2    | XOM: polymorph deep elf archer -> manticore
 35398 | Elf:2    | XOM: noise
 35604 | Elf:2    | Found a runed translucent gate.
 35604 | Elf:2    | Found a runed translucent gate.
 35615 | Elf:2    | Found a runed translucent gate.
 35681 | Elf:2    | XOM: summons 3 hostile shadow creatures
 35706 | Elf:2    | Reached skill level 13 in Evocations
 35711 | Elf:2    | XOM: scenery: summon butterflies
 35723 | Elf:2    | Reached XP level 20. HP: 188/200 MP: 20/20
 35776 | Elf:2    | Reached skill level 22 in Fighting
 35778 | Elf:2    | XOM: draining
 35797 | Elf:2    | XOM: noise
 35901 | Elf:2    | XOM: give mutations
 35901 | Elf:2    | Gained mutation: You are somewhat resistant to further
                  | mutation. [Xom's grace]
 35901 | Elf:2    | Gained mutation: You are covered in fur. (AC +1) [Xom's
                  | grace]
 35901 | Elf:2    | Gained mutation: You are extremely strong-willed. (Will+++)
                  | [Xom's grace]
 35901 | Elf:2    | Gained mutation: Your flesh is cold resistant. (rC+) [Xom's
                  | grace]
 36063 | Elf:3    | Entered Level 3 of the Elven Halls
 36565 | Elf:3    | XOM: draining
 36575 | Elf:3    | XOM: confuse monster(s)
 36607 | Elf:3    | Found Udaruiwk's Antique Weapon Boutique.
 36671 | Elf:3    | XOM: summons 4 friendly demons
 36709 | Elf:3    | Identified the +4 chain mail "Kacvijes" {rElec Int+7}
 37379 | Elf:3    | Reached skill level 17 in Armour
 37390 | Elf:3    | Identified the ring of Vokujer {rC- Will++ rCorr AC+4
                  | Stlth+}
 37786 | Elf:3    | XOM: noise
 37792 | Elf:3    | XOM: 1-stop teleportation journey
 37797 | Elf:3    | Reached skill level 16 in Shields
 37960 | Elf:3    | XOM: swap monsters
 38185 | Elf:3    | Got a peculiar book
 38197 | Elf:3    | Got a quavering book
 38241 | Elf:3    | Identified the staff of Eternal Vigilance {rF- Int+4 Dex+3
                  | Conj}
 38271 | Elf:3    | XOM: give mutations
 38271 | Elf:3    | Lost mutation: You passively map a small area around you.
                  | [Xom's mischief]
 38271 | Elf:3    | Lost mutation: You are covered in fur. (AC +1) [Xom's
                  | mischief]
 38429 | Elf:3    | Noticed Mara
 38434 | Elf:3    | XOM: summons 5 friendly demons
 38441 | Elf:3    | Killed Mara
 38514 | Elf:3    | XOM: noise
 38750 | Vaults:1 | Entered Level 1 of the Vaults
 38767 | Vaults:1 | XOM: 2-stop teleportation journey
 38769 | Vaults:1 | XOM: summons 2 hostile shadow creatures
 38791 | Vaults:1 | Reached skill level 14 in Evocations
 38839 | Vaults:1 | XOM: summons 4 hostile shadow creatures
 38906 | Vaults:1 | Found Oddud's Antique Weapon Shop.
 38919 | Vaults:1 | XOM: 1-stop teleportation journey
 39084 | Vaults:1 | XOM: smoke on damage
 39143 | Vaults:1 | XOM: scenery: 2 doors close
 39289 | Vaults:1 | Reached XP level 21. HP: 210/210 MP: 21/21
 39504 | Vaults:1 | XOM: draining
 39607 | Vaults:1 | XOM: noise
 39711 | Vaults:1 | Reached skill level 23 in Fighting
 39758 | Vaults:1 | XOM: fake destruction
 39873 | Vaults:1 | XOM is BORED!
 39873 | Vaults:1 | XOM: draining
 39933 | Vaults:2 | XOM: cloud trail
 40002 | Vaults:2 | XOM: confuse monster(s)
 40016 | Vaults:2 | Reached skill level 18 in Armour
 40056 | Vaults:2 | XOM: scenery: 1 doors open, 3 doors close
 40088 | Vaults:2 | Identified the +3 cloak of the Journeyman {Drain Dex+4
                  | Slay+5}
 40095 | Vaults:2 | Reached skill level 17 in Shields
 40149 | Vaults:2 | XOM: divination: magic mapping
 40262 | Vaults:2 | XOM: potion effect (brilliance)
 40336 | Vaults:2 | XOM: divination: magic mapping
 40338 | Vaults:2 | Reached skill level 15 in Evocations
 40417 | Vaults:2 | Identified the +4 short sword of the Lumpy Geomancers
                  | {drain, Will- Int+3 Dex+3}
 40491 | Vaults:2 | XOM: cast spell 'Leda's Liquefaction'
 40913 | Vaults:3 | Found Girchinu's Antique Armour Emporium.
 40948 | Vaults:3 | Found Rooll's Weapon Shop.
 40994 | Vaults:3 | XOM: divination: magic mapping
 41117 | Vaults:3 | XOM: silly message
 41139 | Vaults:3 | XOM: divination: magic mapping
 41282 | Vaults:3 | XOM: polymorph yaktaur -> polar bear
 41295 | Vaults:3 | XOM: divination: magic mapping
 41446 | Vaults:3 | XOM: summons 11 hostile demons
 41481 | Vaults:3 | Found the +3 pair of mountain boots {steadfast, rC+}
 41481 | Vaults:3 | XOM: 6-stop teleportation journey
 41511 | Vaults:3 | XOM: blink monster(s)
 41521 | Vaults:3 | Reached XP level 22. HP: 222/222 MP: 22/22
 41608 | Vaults:3 | XOM: draining
 41723 | Vaults:3 | Reached skill level 18 in Shields
 41868 | Vaults:3 | Found a staircase to the Crypt.
 41868 | Vaults:3 | Found a basalt altar of Yredelemnul.
 41869 | Vaults:3 | Found an ancient bone altar of Kikubaaqudgha.
 41922 | Vaults:3 | Reached skill level 19 in Armour
 41926 | Vaults:3 | Reached skill level 24 in Fighting
 42117 | Vaults:3 | XOM: silly message
 42161 | Vaults:3 | XOM: noise
 42225 | Vaults:4 | Noticed Margery
 42238 | Vaults:4 | Killed Margery
 42306 | Vaults:4 | XOM: enchant monster (good)
 42418 | Vaults:4 | XOM: noise
 42594 | Vaults:4 | XOM: confuse monster(s)
 42666 | Vaults:4 | XOM: cast spell 'Summon Ice Beast'
 42704 | Vaults:4 | XOM: confuse monster(s)
 42892 | Vaults:4 | XOM: silly message
 43014 | Vaults:4 | XOM: noise
 43027 | Vaults:4 | Noticed Frederick
 43035 | Vaults:4 | Killed Frederick
 43133 | Vaults:4 | XOM: give mutations
 43133 | Vaults:4 | Gained mutation: You are partially covered in iridescent
                  | scales. (AC +2) [Xom's grace]
 43133 | Vaults:4 | Gained mutation: You have sharp fingernails. [Xom's grace]
 43720 | Depths:1 | Entered Level 1 of the Depths
 43780 | Depths:1 | Found Xyemp's Distillery.
 43802 | Depths:1 | Bought a potion of enlightenment for 95 gold pieces
 43802 | Depths:1 | Bought a potion of mutation for 152 gold pieces
 43905 | Depths:1 | XOM: summons 6 friendly demons
 43927 | Depths:1 | Found an ancient bone altar of Kikubaaqudgha.
 43947 | Depths:1 | XOM: enchant monster (good)
 44010 | Depths:1 | Found a gateway to Hell.
 44010 | Depths:1 | XOM: 1-stop teleportation journey
 44011 | Depths:1 | XOM: divination: detect creatures
 44177 | Depths:1 | Identified the +0 cloak "Tesm" {SInv}
 44204 | Depths:1 | XOM: noise
 44320 | Depths:1 | XOM: summons 4 friendly demons
 44325 | Depths:1 | Reached skill level 19 in Shields
 44384 | Depths:1 | Noticed Aizul
 44393 | Depths:1 | Killed Aizul
 44448 | Depths:1 | Found a one-way gate leading to the halls of Pandemonium.
 44451 | Depths:1 | Found a portal to a secret trove of treasure.
 44586 | Depths:2 | XOM: noise
 44740 | Depths:2 | Reached skill level 20 in Armour
 44797 | Depths:2 | XOM: noise
 44799 | Depths:2 | XOM: noise
 44801 | Depths:2 | XOM: confuse monster(s)
 44810 | Depths:2 | Reached skill level 25 in Fighting
 45008 | Depths:2 | Reached XP level 23. HP: 234/234 MP: 23/23
 45009 | Depths:2 | XOM: silly message
 45024 | Depths:2 | XOM: divination: magic mapping
 45293 | Depths:2 | Found a runed translucent gate.
 45293 | Depths:2 | Found a runed translucent gate.
 45293 | Depths:2 | Found a runed translucent gate.
 45323 | Depths:2 | XOM: potion effect (heal wounds)
 45329 | Depths:2 | XOM: silly message
 45409 | Depths:2 | XOM: silly message
 45663 | Depths:2 | XOM: silly message
 45776 | Depths:2 | XOM: blink monster(s)
 46063 | Depths:3 | XOM: stealth player
 46072 | Depths:3 | Reached skill level 20 in Shields
 46196 | Depths:3 | XOM: fake destruction
 46262 | Depths:3 | XOM: confuse monster(s)
 46277 | Depths:3 | Reached skill level 21 in Shields
 46291 | Depths:2 | XOM: 1-stop teleportation journey
 46626 | Depths:3 | Noticed a golden dragon
 46632 | Depths:3 | Killed a golden dragon
 46689 | Depths:3 | XOM: stat loss: -1 Dex (22/23)
 46770 | Depths:3 | XOM: god gift: 3 boomerangs
 46772 | Depths:3 | XOM: divination: detect creatures
 47096 | Depths:3 | XOM: cloud trail
 47374 | Depths:4 | Entered Level 4 of the Depths
 47391 | Depths:4 | XOM: divination: magic mapping
 47411 | Depths:4 | Reached skill level 22 in Shields
 47584 | Depths:4 | XOM: divination: detect creatures
 47593 | Depths:4 | XOM: potion effect (invisibility)
 47783 | Depths:4 | Identified the amulet "Muzomag" {Spirit +Blink rCorr Str-5
                  | Dex+5}
 47976 | Depths:4 | XOM: cast spell 'Summon Cactus Giant'
 47987 | Depths:4 | Reached skill level 23 in Shields
 47987 | Depths:4 | Reached XP level 24. HP: 195/243 MP: 23/23
 47993 | Depths:4 | XOM: divination: detect items
 48003 | Depths:4 | XOM: enchant monster (bad)
 48090 | Depths:4 | XOM: noise
 48099 | Depths:4 | XOM: potion effect (invisibility)
 48106 | Depths:4 | XOM: confuse monster(s)
 48119 | Depths:4 | XOM: divination: magic mapping
 48383 | Depths:4 | Found a runed translucent door.
 48383 | Depths:4 | Found a runed translucent door.
 48406 | Depths:4 | Found a runed translucent door.
 48409 | Depths:4 | Found a runed translucent door.
 48448 | Depths:4 | XOM: silly message
 48685 | Depths:4 | XOM: noise
 48729 | Depths:4 | Found a runed translucent door.
 48730 | Depths:4 | Found a gate to the Realm of Zot.
 48756 | Depths:4 | Reached skill level 24 in Shields
 48769 | Depths:4 | Found a runed translucent door.
 48829 | Depths:4 | XOM: confuse monster(s)
 49097 | Depths:3 | Noticed a caustic shrike
 49102 | Depths:3 | Killed a caustic shrike
 49102 | Depths:3 | XOM: enchant monster (bad)
 49198 | Depths:3 | Identified the +3 robe of Grace {Will+}
 49244 | Depths:3 | XOM: god gift: scroll of amnesia
 49741 | Orc:2    | Bought a ring of the Octopus King {rF+ HP+2 AC+2 EV+2 SH+2}
                  | for 982 gold pieces
 49741 | Orc:2    | Found the ring of the Octopus King {rF+ HP+2 AC+2 EV+2
                  | SH+2}
 49795 | Orc:2    | Bought a potion of might for 56 gold pieces
 49795 | Orc:2    | Bought a potion of curing for 42 gold pieces
 49795 | Orc:2    | Bought a potion of cancellation for 112 gold pieces
 49795 | Orc:2    | Bought a potion of enlightenment for 70 gold pieces
 49795 | Orc:2    | Bought a potion of curing for 42 gold pieces
 49795 | Orc:2    | Bought 2 potions of enlightenment for 140 gold pieces
 49797 | Orc:2    | Bought a scroll of teleportation for 42 gold pieces
 50072 | Vaults:5 | Entered Level 5 of the Vaults
 50082 | Vaults:5 | XOM: confuse monster(s)
 50122 | Vaults:5 | Noticed an ancient lich
 50135 | Vaults:5 | Killed an ancient lich
 50159 | Vaults:5 | Found Reoj's Antique Armour Shop.
 50181 | Vaults:5 | Reached skill level 25 in Shields
 50206 | Vaults:5 | XOM: silly message
 50229 | Vaults:5 | Got a silver rune of Zot
 50299 | Vaults:5 | XOM: potion effect (invisibility)
 50330 | Vaults:5 | XOM: silly message
 50331 | Vaults:5 | Found Fois's General Store.
 50331 | Vaults:5 | XOM: noise
 50339 | Vaults:5 | Bought a potion of haste for 180 gold pieces
 50349 | Vaults:5 | Found Sunlim's Distillery.
 50354 | Vaults:5 | Found Zaxyz's Magic Scroll Emporium.
 50356 | Vaults:5 | XOM: polymorph tentacled monstrosity -> doom hound
 50360 | Vaults:5 | Bought a potion of heal wounds for 115 gold pieces
 50360 | Vaults:5 | Bought a potion of haste for 230 gold pieces
 50360 | Vaults:5 | Bought a potion of heal wounds for 115 gold pieces
 50360 | Vaults:5 | Bought a potion of invisibility for 184 gold pieces
 50360 | Vaults:5 | Bought a potion of might for 92 gold pieces
 50364 | Vaults:5 | Bought a scroll of blinking for 105 gold pieces
 50514 | Vaults:5 | Reached skill level 26 in Shields
 50523 | Vaults:5 | Identified the +11 rapier "Killer Bee's Bane" {heavy, rElec
                  | Str+3}
 50658 | Vaults:5 | Reached XP level 25. HP: 237/250 MP: 23/23
 50815 | Vaults:5 | XOM: noise
 51232 | Vaults:5 | XOM: chaos cloud
 51325 | Vaults:5 | XOM: torment (83/248 hp)
 51456 | Vaults:5 | XOM: give mutations
 51456 | Vaults:5 | Lost mutation: You have a pair of small horns on your head.
                  | [Xom's mischief]
 51456 | Vaults:5 | Gained mutation: You are vulnerable to heat. (rF-) [Xom's
                  | mischief]
 51456 | Vaults:5 | Lost mutation: You have sharp fingernails. [Xom's mischief]
 51456 | Vaults:5 | Lost mutation: You expend magic power (3 MP) to strengthen
                  | your wands. [Xom's mischief]
 51681 | Vaults:5 | Reached skill level 27 in Shields
 51876 | Vaults:5 | XOM: torment (122/242 hp)
 52114 | Vaults:5 | XOM: noise
 52117 | Vaults:5 | Got an innocuous book
 52226 | Vaults:5 | Bought a potion of curing for 69 gold pieces
 52226 | Vaults:5 | Bought a potion of resistance for 230 gold pieces
 52389 | D:14     | XOM: give mutations
 52389 | D:14     | Lost mutation: You are very agile. (Dex +8, Str/Int -2)
                  | [Xom's mischief]
 52389 | D:14     | Lost mutation: You are extremely strong-willed. (Will+++)
                  | [Xom's mischief]
 52542 | Zot:1    | Entered Level 1 of the Realm of Zot
 52634 | Zot:1    | XOM: polymorph yellow draconian annihilator -> shadow
                  | dragon
 52638 | Zot:1    | XOM: summons friendly smoke demon
 52646 | Zot:1    | XOM: confusion
 52788 | Zot:1    | XOM: silly message
 52857 | Zot:1    | XOM: give mutations
 52857 | Zot:1    | Lost mutation: You are vulnerable to heat. (rF-) [Xom's
                  | mischief]
 52857 | Zot:1    | Lost mutation: You are somewhat resistant to further
                  | mutation. [Xom's mischief]
 52857 | Zot:1    | Lost mutation: You are agile. (Dex +4, Str/Int -1) [Xom's
                  | mischief]
 53097 | Zot:1    | Noticed Parghit
 53101 | Zot:1    | Parghit changed into Parghit the rockslime
 53101 | Zot:1    | Noticed Parghit
 53104 | Zot:1    | Killed Parghit the rockslime
 53285 | Zot:1    | Noticed an orb of fire
 53286 | Zot:1    | Noticed an ancient lich
 53288 | Zot:1    | Killed an ancient lich
 53289 | Zot:1    | XOM: 5-stop teleportation journey
 53473 | Zot:1    | XOM: scenery: summon butterflies
 53496 | Zot:1    | Gained mutation: You have hidden genetic defects. [an orb
                  | of fire]
 53497 | Zot:1    | XOM: scenery: summon butterflies
 53502 | Zot:1    | Gained mutation: You are occasionally teleported next to
                  | monsters. [an orb of fire]
 53503 | Zot:1    | Killed an orb of fire
 53508 | Zot:1    | XOM: fog
 53514 | Zot:1    | XOM: cleaving
 53528 | Zot:1    | XOM: cast spell 'Summon Small Mammal'
 53703 | Zot:1    | XOM: silly message
 53705 | Zot:1    | XOM: silly message
 53720 | Zot:1    | XOM: silly message
 53733 | Zot:1    | XOM: silly message
 53775 | Zot:1    | Reached skill level 26 in Fighting
 54022 | Zot:1    | Gained mutation: You are frail. (-10% HP) [hidden defects]
 54049 | Zot:1    | Lost mutation: Your muscles are strong. (Str +4, Int/Dex
                  | -1) [potion of mutation]
 54049 | Zot:1    | Lost mutation: Your flesh is cold resistant. (rC+) [potion
                  | of mutation]
 54049 | Zot:1    | Gained mutation: Your muscles are strong. (Str +4, Int/Dex
                  | -1) [potion of mutation]
 54049 | Zot:1    | Gained mutation: Your mind is acute. (Int +4, Str/Dex -1)
                  | [potion of mutation]
 54049 | Zot:1    | Gained mutation: You have a pair of small antennae on your
                  | head. [potion of mutation]
 54050 | Zot:1    | Lost mutation: You are occasionally teleported next to
                  | monsters. [potion of mutation]
 54050 | Zot:1    | Lost mutation: You have a pair of small antennae on your
                  | head. [potion of mutation]
 54050 | Zot:1    | Gained mutation: You are mostly covered in iridescent
                  | scales. (AC +4) [potion of mutation]
 54148 | Zot:2    | XOM: enchant monster (good)
 54152 | Zot:2    | Reached skill level 11 in Dodging
 54156 | Zot:2    | Reached skill level 21 in Axes
 54159 | Zot:2    | XOM: cast spell 'Cause Fear'
 54172 | Zot:2    | XOM: potion effect (invisibility)
 54184 | Zot:2    | XOM: potion effect (heal wounds)
 54217 | Zot:3    | Noticed Vv
 54236 | Zot:2    | XOM: cloud trail
 54250 | Zot:1    | XOM: silly message
 54252 | Zot:1    | Reached XP level 26. HP: 160/234 MP: 23/23
 54365 | Zot:2    | XOM: swap monsters
 54378 | Zot:2    | Killed Vv
 54469 | Zot:3    | Gained mutation: Armour fits poorly on your strangely
                  | shaped body. [hidden defects]
 54469 | Zot:3    | Lost mutation: You have hidden genetic defects. [hidden
                  | defects expressed]
 54471 | Zot:3    | Reached skill level 21 in Armour
 54536 | Zot:4    | XOM: confuse monster(s)
 54542 | Zot:4    | XOM: enchant monster (bad)
 54549 | Zot:4    | XOM: confusion
 54554 | Zot:4    | XOM: repel stairs
 54556 | Zot:4    | XOM: cleaving
 54612 | Zot:5    | Entered Level 5 of the Realm of Zot
 54621 | Zot:5    | XOM: summons 2 hostile shadow creatures
 54803 | Zot:5    | XOM: summons 1 hostile shadow creature
 55376 | Zot:5    | Noticed a dread lich
 55376 | Zot:5    | Noticed a Killer Klown
 55377 | Zot:5    | Noticed a Killer Klown
 55377 | Zot:5    | Noticed a dread lich
 55377 | Zot:5    | Noticed a Killer Klown
 55377 | Zot:5    | Noticed an orb of fire
 55378 | Zot:5    | Noticed a dread lich
 55381 | Zot:5    | Got the Orb of Zot
 55442 | Zot:3    | XOM: summons 4 hostile shadow creatures
 55534 | Depths:4 | Noticed Menn the pandemonium lord
 55538 | Depths:4 | XOM: noise
 55813 | D:6      | Gained mutation: You are clumsy. (Dex -2) [a neqoxec]
 55885 | D:2      | XOM: confusion (+ monsters)
 55912 | D:$      | Escaped with the Orb!

Illustrated notes

Levels and vault maps discovered:
D:1:      psy_arrival_basics, layout_basic
D:2:      layout_basic, shapermc_ecumenical_altar_mp_highgroup
D:3:      layout_loops_corners, mainiacjoe_overflow_concentric_impassable
D:4:      layout_loops_cross, marbit_many_paths, mainiacjoe_overflow_alcove_2,
          uniq_natasha, uniq_eustachio, uniq_robin
D:5:      layout_basic, minmay_crystal_room, kennysheep_generic_room_5
D:6:      layout_layer_cave, lemuel_doored_altar, minmay_temple_entry_glass
D:7:      layout_cave_pods, nicolae_overflow_squiral,
          ebering_ghost_reflecting_pool, uniq_menkaure
D:8:      layout_loops_ring, minmay_lindwurm_lava
D:9:      layout_long_grid, uniq_psyche
D:10:     layout_loops_ring, dpeg_oklobed_lair, grunt_decor_one_mirror,
          minmay_shop_enchanted_jewellery, minmay_tree_intersection,
          nicolae_transporter_circle
D:11:     layout_loops_ring, zombieorc2_lemuel, minmay_the_grid_2x2
          [minmay_the_grid_diamond_grid, minmay_the_grid_medium_cups,
          minmay_the_grid_spikes, minmay_the_grid_prize_inner_circle]
D:12:     layout_loops_corners, nicolae_houndstooth_variations, uniq_fannar,
          uniq_snorg
D:13:     layout_layer_cave, grunt_ministairs_1, bh_circular_ruins, uniq_lodul
D:14:     layout_basic, david_vaults_2, serial_rivers,
          chequers_serial_rivers_micro_a, chequers_serial_rivers_small_b,
          chequers_serial_rivers_micro_c, chequers_serial_rivers_large_b
D:15:     hangedman_depths_entry_try_elsewhere_first, layout_loops_ring,
          grunt_gozag_statues
Lair:1:   layout_cave_pods, ebering_ghost_xom, nicolae_lair_lil_pond,
          hangedman_lair_generics_rect, grunt_megastairs_4,
          infiniplex_staircase_pool
Lair:2:   dreamdust_isle_of_ice, layout_regular_city,
          nicolae_snake_entry_warm_welcome, grunt_megastairs_3,
          infiniplex_staircase_pool_2, serial_bayou_shore_b, uniq_sonja,
          uniq_gastronok, uniq_erica
Lair:3:   layout_cave_pods, elwin_shoals_entry_rocks, gauntlet_entry_generic
Lair:4:   layout_cave_pods, slime_entry_1, ebering_ghost_disaster_area,
          uniq_nessos
Lair:5:   hellmonk_lair_end_abyssal_woods, layout_cave_pods,
          nzn_masters_of_martial_movement, uniq_josephine
Shoals:1: layout_shoals, serial_shops, nicolae_shop_tiny_waterfront
Shoals:2: layout_shoals, nicolae_shoals_mertower
Shoals:3: layout_shoals, uniq_polyphemus
Shoals:4: shoals_end_grunt_garden, layout_shoals
Snake:1:  layout_onion, gammafunk_ghost_berserking_beasts,
          nrook_guardian_serpent_ordinary, uniq_donald
Snake:2:  layout_misc_corridors, basic_altar
Snake:3:  layout_cave_shapes, serial_shops, nicolae_shop_rolling_square, shop,
          nicolae_shop_rolling_square, shop, drop_trap, serial_bayou_shore_b
Snake:4:  grunt_snake_rune_serpentine_throne, layout_layer_cave,
          nicolae_snake_yet_another_twisty_hallway, nicolae_snake_mages_go_home,
          uniq_agnes
Orc:1:    layout_caves, gammafunk_ghost_wrathful_warriors
Orc:2:    st_orc_mages, layout_caves, serial_shops, shop
Elf:1:    nicolae_elf_arrival_no_cutting_in_line, layout_loops_ring, orc_legates
Elf:2:    nicolae_elf_blades_splatter_lattice [nicolae_blade_entry_pointy_end],
          layout_geoelf_grid, serial_shops, nicolae_shop_just_a_little_nook,
          onia_ninara_cookie
Elf:3:    minmay_elf_hall_curves, layout_loops_cross, serial_shops,
          nicolae_shop_tiny_statue_garden, eino_tiny_chamber, uniq_mara
Vaults:1: v_misc_10, v_misc_17, hangedman_vaults_stagger,
          nicolae_vaults_offset_grid_hallway_4,
          nicolae_vaults_shipping_containers_7, vaults_room_grid,
          nicolae_vaults_inception_scallops, nicolae_vaults_heist, v_misc_5,
          nicolae_vaults_circle_grid_a, nicolae_vaults_tetromino_Z_2,
          hangedman_vaults_locks, ontoclasm_vaults_pinch,
          nicolae_vaults_trapezoid_lopsided_3, layout_vaults_maze_bifur,
          serial_shops, nicolae_shop_scrapyard
Vaults:2: hangedman_vaults_corner, ontoclasm_vaults_gallery,
          nicolae_vaults_frosty_reception, hangedman_vaults_nails,
          hangedman_vaults_variations, nicolae_vaults_heart-shaped_vault,
          nicolae_vaults_weapon_check, nicolae_vaults_trapezoid_lopsided_3,
          nicolae_vaults_tangram_1, nicolae_vaults_trapezoid_4,
          ontoclasm_vaults_fault, layout_vaults_omnibox
Vaults:3: v_misc_30, nicolae_vaults_octothorpe, minmay_crypt_entry_necro_gods,
          nicolae_vaults_sightless_eye, nicolae_vaults_alarming, serial_ice_m,
          vaults_mumra_hexcomb, nicolae_vaults_angled_halls,
          vaults_room_grunt_arrival_ludios, v_misc_5,
          nicolae_vaults_trapezoid_lopsided_3, layout_vaults_quadrants,
          serial_shops, shop, shop
Vaults:4: v_alt_pattern_3, nicolae_vaults_closet_pinwheel_1,
          nicolae_vaults_tetromino_L_2, nicolae_vaults_offset_grid_hallway_1,
          nicolae_vaults_gold_heap, nicolae_vaults_shipping_containers_2,
          vaults_dpeg_cross, nicolae_vaults_asterisk,
          layout_vaults_chaotic_city, uniq_margery, uniq_frederick
Vaults:5: serial_shops
Depths:1: layout_basic, abyss_entry, lightli_too_deep, serial_shops,
          nicolae_shop_peninsula, enter_trove_2, pan_entry,
          kiku_gazebo_garden_becter, nicolae_two_hexagons,
          chequers_serial_rivers_micro_e, dpeg_stationary_puzzle, uniq_aizul
Depths:2: nicolae_cairo_tiling_large, layout_honeycomb, enter_ziggurat_d,
          rand_demon_pan_entry_7, grunt_hell_entry_dis_grunt,
          minmay_door_square, pandoras_box_mu
Depths:3: minmay_inside_and_out, layout_cave_shapes, hell_entry, serial_rivers,
          chequers_serial_rivers_micro_e, chequers_serial_rivers_room_a,
          chequers_serial_rivers_room_a, chequers_serial_rivers_large_a,
          chequers_serial_rivers_room_a, chequers_serial_rivers_small_b,
          abyss_entry_small_statue_room
Depths:4: evilmike_zot_entry_castle, layout_gridlike, hell_entry,
          grunt_megastairs_2
Zot:1:    grunt_deathspiral_small, layout_concentric_octagons,
          hangedman_zot_decor_slant, uniq_parghit
Zot:2:    dreamdust_black_sun_cult, layout_onion_interference
Zot:3:    layout_basic, uniq_vv
Zot:4:    layout_misc_corridors, ebering_ghost_xom
Zot:5:    layout_concentric_octagons

Skill      XL: |  1  2  3  4  5  6  7  8  9 10 11 12 13 14 15 16 17 18 19 20 21 22 23 24 25 26 |
---------------+-------------------------------------------------------------------------------+-----
Stealth        | 1 2 |  2.0
Fighting       | 4 5 7 8 10 11 13 14 16 19 20 21 22 23 25 26 | 26.6
Axes           | 3 4 6 8 10 12 14 15 16 17 18 19 20 21 | 21.8
Armour         | 4 6 7 9 11 12 14 15 16 17 18 20 21 | 21.3
Dodging        | 2 4 6 8 10 11 | 11.8
Evocations     | 3 5 6 7 9 10 11 13 14 15 | 15.0
Shields        | 6 12 14 15 16 17 19 23 26 27 | 27.0
Unarmed Combat | |  3.6

Action                     |  1- 3 |  4- 6 |  7- 9 | 10-12 | 13-15 | 16-18 | 19-21 | 22-24 | 25-27 || total
---------------------------+-------+-------+-------+-------+-------+-------+-------+-------+-------++-------
  Melee: Unarmed           |    43 |       |       |       |       |       |       |       |       ||    43
         Punch             |     1 |     2 |     9 |    16 |    32 |     6 |       |       |       ||    66
         War axe           |    48 |    79 |   242 |   485 |    12 |       |       |       |       ||   866
         Mace              |       |       |       |    21 |       |       |       |       |       ||    21
         Broad axe         |       |       |       |       |   953 |  1136 |  1033 |   920 |   622 ||  4664
         Headbutt          |       |       |       |       |    83 |   286 |   293 |   324 |    36 ||  1022
  Throw: Dart              |       |       |     6 |     7 |       |       |       |       |       ||    13
  Evoke: Wand              |       |       |     6 |    18 |     6 |     8 |     2 |     3 |     8 ||    51
         Lightning rod     |       |       |       |       |    12 |     6 |     6 |       |       ||    24
         Box of beasts     |       |       |       |       |       |     1 |       |       |       ||     1
         Phial of floods   |       |       |       |       |       |       |       |     1 |       ||     1
         Condenser vane    |       |       |       |       |       |       |       |       |     1 ||     1
    Use: Potion            |     2 |       |       |    13 |     2 |     3 |       |       |    12 ||    32
         Scroll            |     8 |     1 |     8 |     7 |     6 |     6 |     4 |     4 |    28 ||    72
   Stab: Sleeping          |     3 |     3 |       |       |       |       |     1 |     2 |       ||     9
         Confused          |       |       |       |     4 |     1 |     6 |     9 |     5 |       ||    25
         Paralysed         |       |       |       |     1 |     2 |       |       |       |       ||     3
         Distracted        |       |       |       |       |     1 |       |    15 |    33 |    18 ||    67
         Invisible         |       |       |       |       |       |     5 |       |    12 |    24 ||    41
         Petrified         |       |       |       |       |       |     8 |       |       |       ||     8
         Petrifying        |       |       |       |       |       |     2 |       |       |       ||     2
 Armour: Leather armour    |    45 |    43 |    46 |       |       |       |       |       |       ||   134
         Plate armour      |       |       |   162 |   466 |   180 |       |       |       |       ||   808
         Chain mail        |       |       |       |       |   453 |   848 |   663 |   425 |    69 ||  2458
         Storm dragon scal |       |       |       |       |       |       |       |       |   204 ||   204
  Dodge: Dodged            |    44 |    30 |    84 |   146 |   360 |   460 |   310 |   282 |   187 ||  1903
  Block: Kite shield       |       |       |       |       |       |   577 |   605 |   502 |   393 ||  2077

Table legend: (Time is in decaauts)
 A = Elapsed time spent in this place.
 B = Non-inter-level travel time spent in this place.
 C = Inter-level travel time spent in this place.
 D = Time resting spent in this place.
 E = Time spent auto-exploring this place.
 F = Levels seen in this place.
 G = Mean time per level.
                   A        B        C        D        E       F      G
               +--------+--------+--------+--------+--------+-----+--------+
         Total |  56355 |  51492 |   4863 |   6132 |  33294 |  48 | 1174.1 |
       Dungeon |  17615 |  15732 |   1883 |   1555 |  11206 |  15 | 1174.3 |
          Lair |   6961 |   6349 |    612 |    650 |   4088 |   5 | 1392.2 |
        Shoals |   4339 |   4161 |    178 |    314 |   2702 |   4 | 1084.8 |
     Snake Pit |   4586 |   4366 |    220 |    683 |   2776 |   4 | 1146.5 |
  Orcish Mines |   1505 |   1293 |    212 |     34 |    936 |   2 |  752.5 |
   Elven Halls |   5059 |   4815 |    244 |   1431 |   1844 |   3 | 1686.3 |
        Vaults |   7371 |   6545 |    826 |    451 |   4570 |   5 | 1474.2 |
        Depths |   5698 |   5257 |    441 |    421 |   3726 |   4 | 1424.5 |
           Zot |   2811 |   2567 |    244 |    590 |   1218 |   5 |  562.2 |
      Gauntlet |    406 |    406 |      0 |      0 |    225 |   1 |  406.0 |
               +--------+--------+--------+--------+--------+-----+--------+

Top non-repeatable levels by time:
   Elf:3: 2490 daAuts
 Snake:4: 2331 daAuts
Vaults:5: 2087 daAuts
    D:11: 1952 daAuts
Depths:2: 1820 daAuts
    D:10: 1806 daAuts
  Lair:2: 1732 daAuts
   Zot:1: 1724 daAuts
  Lair:1: 1684 daAuts
Depths:4: 1652 daAuts
Vaults:3: 1535 daAuts
     D:6: 1485 daAuts
Vaults:1: 1458 daAuts
   Elf:1: 1413 daAuts
  Lair:5: 1368 daAuts
